Workbook

Sheet Payment Inward
A2: PAYMENT RECEIVED FROM UMAIR SB | E2: PAYMENT RECEIVED FROM FAISAL SB
A4: TOTAL AMOUNT RECEIVED | C4: =SUM(C7:C1048576) -> 1585000 | E4: TOTAL AMOUNT RECEIVED | G4: =SUM(G7:G1048576) -> 3025000
C5: 1001 | G5: 1002
A6: DATE | B6: DESCRIPTION | C6: AMOUNT | E6: DATE | F6: DESCRIPTION | G6: AMOUNT
A7: =IFERROR(VLOOKUP($C$5,Ledger!C7:K7,2,0),"-") -> - | B7: =IFERROR(VLOOKUP($C$5,Ledger!C7:K7,3,0),"-") -> - | C7: =IFERROR(VLOOKUP($C$5,Ledger!C7:K7,8,0),"-") -> - | E7: =IFERROR(VLOOKUP($G$5,Ledger!C7:K7,2,0),"-") -> - | F7: =IFERROR(VLOOKUP($G$5,Ledger!C7:K7,3,0),"-") -> - | G7: =IFERROR(VLOOKUP($G$5,Ledger!C7:K7,8,0),"-") -> -
A8: =IFERROR(VLOOKUP($C$5,Ledger!C8:K8,2,0),"-") -> - | B8: =IFERROR(VLOOKUP($C$5,Ledger!C8:K8,3,0),"-") -> - | C8: =IFERROR(VLOOKUP($C$5,Ledger!C8:K8,8,0),"-") -> - | E8: =IFERROR(VLOOKUP($G$5,Ledger!C8:K8,2,0),"-") -> - | F8: =IFERROR(VLOOKUP($G$5,Ledger!C8:K8,3,0),"-") -> - | G8: =IFERROR(VLOOKUP($G$5,Ledger!C8:K8,8,0),"-") -> -
A9: =IFERROR(VLOOKUP($C$5,Ledger!C9:K9,2,0),"-") -> - | B9: =IFERROR(VLOOKUP($C$5,Ledger!C9:K9,3,0),"-") -> - | C9: =IFERROR(VLOOKUP($C$5,Ledger!C9:K9,8,0),"-") -> - | E9: =IFERROR(VLOOKUP($G$5,Ledger!C9:K9,2,0),"-") -> 45712 | F9: =IFERROR(VLOOKUP($G$5,Ledger!C9:K9,3,0),"-") -> PAYMENT RECEIVED | G9: =IFERROR(VLOOKUP($G$5,Ledger!C9:K9,8,0),"-") -> 500000
A10: =IFERROR(VLOOKUP($C$5,Ledger!C10:K10,2,0),"-") -> - | B10: =IFERROR(VLOOKUP($C$5,Ledger!C10:K10,3,0),"-") -> - | C10: =IFERROR(VLOOKUP($C$5,Ledger!C10:K10,8,0),"-") -> - | E10: =IFERROR(VLOOKUP($G$5,Ledger!C10:K10,2,0),"-") -> - | F10: =IFERROR(VLOOKUP($G$5,Ledger!C10:K10,3,0),"-") -> - | G10: =IFERROR(VLOOKUP($G$5,Ledger!C10:K10,8,0),"-") -> -
A11: =IFERROR(VLOOKUP($C$5,Ledger!C11:K11,2,0),"-") -> - | B11: =IFERROR(VLOOKUP($C$5,Ledger!C11:K11,3,0),"-") -> - | C11: =IFERROR(VLOOKUP($C$5,Ledger!C11:K11,8,0),"-") -> - | E11: =IFERROR(VLOOKUP($G$5,Ledger!C11:K11,2,0),"-") -> 45713 | F11: =IFERROR(VLOOKUP($G$5,Ledger!C11:K11,3,0),"-") -> PAYMENT RECEIVED AT HOME | G11: =IFERROR(VLOOKUP($G$5,Ledger!C11:K11,8,0),"-") -> 25000
A12: =IFERROR(VLOOKUP($C$5,Ledger!C12:K12,2,0),"-") -> - | B12: =IFERROR(VLOOKUP($C$5,Ledger!C12:K12,3,0),"-") -> - | C12: =IFERROR(VLOOKUP($C$5,Ledger!C12:K12,8,0),"-") -> - | E12: =IFERROR(VLOOKUP($G$5,Ledger!C12:K12,2,0),"-") -> - | F12: =IFERROR(VLOOKUP($G$5,Ledger!C12:K12,3,0),"-") -> - | G12: =IFERROR(VLOOKUP($G$5,Ledger!C12:K12,8,0),"-") -> -
A13: =IFERROR(VLOOKUP($C$5,Ledger!C13:K13,2,0),"-") -> 45713 | B13: =IFERROR(VLOOKUP($C$5,Ledger!C13:K13,3,0),"-") -> A | C13: =IFERROR(VLOOKUP($C$5,Ledger!C13:K13,8,0),"-") -> 550000 | E13: =IFERROR(VLOOKUP($G$5,Ledger!C13:K13,2,0),"-") -> - | F13: =IFERROR(VLOOKUP($G$5,Ledger!C13:K13,3,0),"-") -> - | G13: =IFERROR(VLOOKUP($G$5,Ledger!C13:K13,8,0),"-") -> -
A14: =IFERROR(VLOOKUP($C$5,Ledger!C14:K14,2,0),"-") -> - | B14: =IFERROR(VLOOKUP($C$5,Ledger!C14:K14,3,0),"-") -> - | C14: =IFERROR(VLOOKUP($C$5,Ledger!C14:K14,8,0),"-") -> - | E14: =IFERROR(VLOOKUP($G$5,Ledger!C14:K14,2,0),"-") -> - | F14: =IFERROR(VLOOKUP($G$5,Ledger!C14:K14,3,0),"-") -> - | G14: =IFERROR(VLOOKUP($G$5,Ledger!C14:K14,8,0),"-") -> -
A15: =IFERROR(VLOOKUP($C$5,Ledger!C15:K15,2,0),"-") -> 45713 | B15: =IFERROR(VLOOKUP($C$5,Ledger!C15:K15,3,0),"-") -> 0 | C15: =IFERROR(VLOOKUP($C$5,Ledger!C15:K15,8,0),"-") -> 35000 | E15: =IFERROR(VLOOKUP($G$5,Ledger!C15:K15,2,0),"-") -> - | F15: =IFERROR(VLOOKUP($G$5,Ledger!C15:K15,3,0),"-") -> - | G15: =IFERROR(VLOOKUP($G$5,Ledger!C15:K15,8,0),"-") -> -
A16: =IFERROR(VLOOKUP($C$5,Ledger!C16:K16,2,0),"-") -> - | B16: =IFERROR(VLOOKUP($C$5,Ledger!C16:K16,3,0),"-") -> - | C16: =IFERROR(VLOOKUP($C$5,Ledger!C16:K16,8,0),"-") -> - | E16: =IFERROR(VLOOKUP($G$5,Ledger!C16:K16,2,0),"-") -> - | F16: =IFERROR(VLOOKUP($G$5,Ledger!C16:K16,3,0),"-") -> - | G16: =IFERROR(VLOOKUP($G$5,Ledger!C16:K16,8,0),"-") -> -
A17: =IFERROR(VLOOKUP($C$5,Ledger!C17:K17,2,0),"-") -> - | B17: =IFERROR(VLOOKUP($C$5,Ledger!C17:K17,3,0),"-") -> - | C17: =IFERROR(VLOOKUP($C$5,Ledger!C17:K17,8,0),"-") -> - | E17: =IFERROR(VLOOKUP($G$5,Ledger!C17:K17,2,0),"-") -> - | F17: =IFERROR(VLOOKUP($G$5,Ledger!C17:K17,3,0),"-") -> - | G17: =IFERROR(VLOOKUP($G$5,Ledger!C17:K17,8,0),"-") -> -
A18: =IFERROR(VLOOKUP($C$5,Ledger!C18:K18,2,0),"-") -> - | B18: =IFERROR(VLOOKUP($C$5,Ledger!C18:K18,3,0),"-") -> - | C18: =IFERROR(VLOOKUP($C$5,Ledger!C18:K18,8,0),"-") -> - | E18: =IFERROR(VLOOKUP($G$5,Ledger!C18:K18,2,0),"-") -> - | F18: =IFERROR(VLOOKUP($G$5,Ledger!C18:K18,3,0),"-") -> - | G18: =IFERROR(VLOOKUP($G$5,Ledger!C18:K18,8,0),"-") -> -
... A549: =IFERROR(VLOOKUP($C$5,Ledger!C549:K549,2,0),"-") -> - | B549: =IFERROR(VLOOKUP($C$5,Ledger!C549:K549,3,0),"-") -> - | C549: =IFERROR(VLOOKUP($C$5,Ledger!C549:K549,8,0),"-") -> - | E549: =IFERROR(VLOOKUP($G$5,Ledger!C549:K549,2,0),"-") -> - | F549: =IFERROR(VLOOKUP($G$5,Ledger!C549:K549,3,0),"-") -> - | G549: =IFERROR(VLOOKUP($G$5,Ledger!C549:K549,8,0),"-") -> -

Sheet SALES
A2: PAYMENT RECEIVED FROM SALES
A4: TOTAL AMOUNT RECEIVED | F4: =SUM(F7:F1048576) -> 2900000 | G4: =SUM(G7:G1048576) -> 2750000 | H4: =SUM(H7:H1048576) -> 150000
H5: 2001
A6: DATE | B6: DESCRIPTION | C6: UNIT | D6: QUANTITY | E6: RATE | F6: TOTAL AMOUNT | G6: AMOUNT RECEIVED | H6: BALANCE AMOUNT
A7: =IFERROR(VLOOKUP($H$5,Ledger!C7:K7,2,0),"-") -> - | B7: =IFERROR(VLOOKUP($H$5,Ledger!C7:K7,3,0),"-") -> - | C7: =IFERROR(VLOOKUP($H$5,Ledger!C7:K7,4,0),"-") -> - | D7: =IFERROR(VLOOKUP($H$5,Ledger!C7:K7,5,0),"-") -> - | E7: =IFERROR(VLOOKUP($H$5,Ledger!C7:J7,6,0),"-") -> - | F7: =PRODUCT(D7:E7) -> 0 | G7: =IFERROR(VLOOKUP($H$5,Ledger!C7:K7,8,0),"-") -> - | H7: =IFERROR((F7-G7),"-") -> -
A8: =IFERROR(VLOOKUP($H$5,Ledger!C8:K8,2,0),"-") -> - | B8: =IFERROR(VLOOKUP($H$5,Ledger!C8:K8,3,0),"-") -> - | C8: =IFERROR(VLOOKUP($H$5,Ledger!C8:K8,4,0),"-") -> - | D8: =IFERROR(VLOOKUP($H$5,Ledger!C8:K8,5,0),"-") -> - | E8: =IFERROR(VLOOKUP($H$5,Ledger!C8:J8,6,0),"-") -> - | F8: =PRODUCT(D8:E8) -> 0 | G8: =IFERROR(VLOOKUP($H$5,Ledger!C8:K8,8,0),"-") -> - | H8: =IFERROR((F8-G8),"-") -> -
A9: =IFERROR(VLOOKUP($H$5,Ledger!C9:K9,2,0),"-") -> - | B9: =IFERROR(VLOOKUP($H$5,Ledger!C9:K9,3,0),"-") -> - | C9: =IFERROR(VLOOKUP($H$5,Ledger!C9:K9,4,0),"-") -> - | D9: =IFERROR(VLOOKUP($H$5,Ledger!C9:K9,5,0),"-") -> - | E9: =IFERROR(VLOOKUP($H$5,Ledger!C9:J9,6,0),"-") -> - | F9: =PRODUCT(D9:E9) -> 0 | G9: =IFERROR(VLOOKUP($H$5,Ledger!C9:K9,8,0),"-") -> - | H9: =IFERROR((F9-G9),"-") -> -
A10: =IFERROR(VLOOKUP($H$5,Ledger!C10:K10,2,0),"-") -> - | B10: =IFERROR(VLOOKUP($H$5,Ledger!C10:K10,3,0),"-") -> - | C10: =IFERROR(VLOOKUP($H$5,Ledger!C10:K10,4,0),"-") -> - | D10: =IFERROR(VLOOKUP($H$5,Ledger!C10:K10,5,0),"-") -> - | E10: =IFERROR(VLOOKUP($H$5,Ledger!C10:J10,6,0),"-") -> - | F10: =PRODUCT(D10:E10) -> 0 | G10: =IFERROR(VLOOKUP($H$5,Ledger!C10:K10,8,0),"-") -> - | H10: =IFERROR((F10-G10),"-") -> -
A11: =IFERROR(VLOOKUP($H$5,Ledger!C11:K11,2,0),"-") -> - | B11: =IFERROR(VLOOKUP($H$5,Ledger!C11:K11,3,0),"-") -> - | C11: =IFERROR(VLOOKUP($H$5,Ledger!C11:K11,4,0),"-") -> - | D11: =IFERROR(VLOOKUP($H$5,Ledger!C11:K11,5,0),"-") -> - | E11: =IFERROR(VLOOKUP($H$5,Ledger!C11:J11,6,0),"-") -> - | F11: =PRODUCT(D11:E11) -> 0 | G11: =IFERROR(VLOOKUP($H$5,Ledger!C11:K11,8,0),"-") -> - | H11: =IFERROR((F11-G11),"-") -> -
A12: =IFERROR(VLOOKUP($H$5,Ledger!C12:K12,2,0),"-") -> - | B12: =IFERROR(VLOOKUP($H$5,Ledger!C12:K12,3,0),"-") -> - | C12: =IFERROR(VLOOKUP($H$5,Ledger!C12:K12,4,0),"-") -> - | D12: =IFERROR(VLOOKUP($H$5,Ledger!C12:K12,5,0),"-") -> - | E12: =IFERROR(VLOOKUP($H$5,Ledger!C12:J12,6,0),"-") -> - | F12: =PRODUCT(D12:E12) -> 0 | G12: =IFERROR(VLOOKUP($H$5,Ledger!C12:K12,8,0),"-") -> - | H12: =IFERROR((F12-G12),"-") -> -
A13: =IFERROR(VLOOKUP($H$5,Ledger!C13:K13,2,0),"-") -> - | B13: =IFERROR(VLOOKUP($H$5,Ledger!C13:K13,3,0),"-") -> - | C13: =IFERROR(VLOOKUP($H$5,Ledger!C13:K13,4,0),"-") -> - | D13: =IFERROR(VLOOKUP($H$5,Ledger!C13:K13,5,0),"-") -> - | E13: =IFERROR(VLOOKUP($H$5,Ledger!C13:J13,6,0),"-") -> - | F13: =PRODUCT(D13:E13) -> 0 | G13: =IFERROR(VLOOKUP($H$5,Ledger!C13:K13,8,0),"-") -> - | H13: =IFERROR((F13-G13),"-") -> -
A14: =IFERROR(VLOOKUP($H$5,Ledger!C14:K14,2,0),"-") -> - | B14: =IFERROR(VLOOKUP($H$5,Ledger!C14:K14,3,0),"-") -> - | C14: =IFERROR(VLOOKUP($H$5,Ledger!C14:K14,4,0),"-") -> - | D14: =IFERROR(VLOOKUP($H$5,Ledger!C14:K14,5,0),"-") -> - | E14: =IFERROR(VLOOKUP($H$5,Ledger!C14:J14,6,0),"-") -> - | F14: =PRODUCT(D14:E14) -> 0 | G14: =IFERROR(VLOOKUP($H$5,Ledger!C14:K14,8,0),"-") -> - | H14: =IFERROR((F14-G14),"-") -> -
A15: =IFERROR(VLOOKUP($H$5,Ledger!C15:K15,2,0),"-") -> - | B15: =IFERROR(VLOOKUP($H$5,Ledger!C15:K15,3,0),"-") -> - | C15: =IFERROR(VLOOKUP($H$5,Ledger!C15:K15,4,0),"-") -> - | D15: =IFERROR(VLOOKUP($H$5,Ledger!C15:K15,5,0),"-") -> - | E15: =IFERROR(VLOOKUP($H$5,Ledger!C15:J15,6,0),"-") -> - | F15: =PRODUCT(D15:E15) -> 0 | G15: =IFERROR(VLOOKUP($H$5,Ledger!C15:K15,8,0),"-") -> - | H15: =IFERROR((F15-G15),"-") -> -
A16: =IFERROR(VLOOKUP($H$5,Ledger!C16:K16,2,0),"-") -> - | B16: =IFERROR(VLOOKUP($H$5,Ledger!C16:K16,3,0),"-") -> - | C16: =IFERROR(VLOOKUP($H$5,Ledger!C16:K16,4,0),"-") -> - | D16: =IFERROR(VLOOKUP($H$5,Ledger!C16:K16,5,0),"-") -> - | E16: =IFERROR(VLOOKUP($H$5,Ledger!C16:J16,6,0),"-") -> - | F16: =PRODUCT(D16:E16) -> 0 | G16: =IFERROR(VLOOKUP($H$5,Ledger!C16:K16,8,0),"-") -> - | H16: =IFERROR((F16-G16),"-") -> -
A17: =IFERROR(VLOOKUP($H$5,Ledger!C17:K17,2,0),"-") -> 45713 | B17: =IFERROR(VLOOKUP($H$5,Ledger!C17:K17,3,0),"-") -> CHIKEN SALES | C17: =IFERROR(VLOOKUP($H$5,Ledger!C17:K17,4,0),"-") -> KG | D17: =IFERROR(VLOOKUP($H$5,Ledger!C17:K17,5,0),"-") -> 25000 | E17: =IFERROR(VLOOKUP($H$5,Ledger!C17:J17,6,0),"-") -> 100 | F17: =PRODUCT(D17:E17) -> 2500000 | G17: =IFERROR(VLOOKUP($H$5,Ledger!C17:K17,8,0),"-") -> 2400000 | H17: =IFERROR((F17-G17),"-") -> 100000
A18: =IFERROR(VLOOKUP($H$5,Ledger!C18:K18,2,0),"-") -> - | B18: =IFERROR(VLOOKUP($H$5,Ledger!C18:K18,3,0),"-") -> - | C18: =IFERROR(VLOOKUP($H$5,Ledger!C18:K18,4,0),"-") -> - | D18: =IFERROR(VLOOKUP($H$5,Ledger!C18:K18,5,0),"-") -> - | E18: =IFERROR(VLOOKUP($H$5,Ledger!C18:J18,6,0),"-") -> - | F18: =PRODUCT(D18:E18) -> 0 | G18: =IFERROR(VLOOKUP($H$5,Ledger!C18:K18,8,0),"-") -> - | H18: =IFERROR((F18-G18),"-") -> -
... A549: =IFERROR(VLOOKUP($H$5,Ledger!C549:K549,2,0),"-") -> - | B549: =IFERROR(VLOOKUP($H$5,Ledger!C549:K549,3,0),"-") -> - | C549: =IFERROR(VLOOKUP($H$5,Ledger!C549:K549,4,0),"-") -> - | D549: =IFERROR(VLOOKUP($H$5,Ledger!C549:K549,5,0),"-") -> - | E549: =IFERROR(VLOOKUP($H$5,Ledger!C549:J549,6,0),"-") -> - | F549: =PRODUCT(D549:E549) -> 0 | G549: =IFERROR(VLOOKUP($H$5,Ledger!C549:K549,8,0),"-") -> - | H549: =IFERROR((F549-G549),"-") -> -

Sheet UTILITIES
A2: SHED RENT | E2: UTILITY BILLS
B4: TOTAL AMOUNT | C4: =SUM(C7:C1048576) -> 110000 | F4: TOTAL AMOUNT | G4: =SUM(G7:G1048576) -> 143000
C5: 3001 | G5: 3002
A6: DATE | B6: DESCRIPTION | C6: AMOUNT | E6: DATE | F6: DESCRIPTION | G6: AMOUNT
A7: =IFERROR(VLOOKUP($C$5,Ledger!C7:K7,2,0),"-") -> - | B7: =IFERROR(VLOOKUP($C$5,Ledger!C7:K7,3,0),"-") -> - | C7: =IFERROR(VLOOKUP($C$5,Ledger!C7:K7,9,0),"-") -> - | E7: =IFERROR(VLOOKUP($G$5,Ledger!C7:J7,2,0),"-") -> - | F7: =IFERROR(VLOOKUP($G$5,Ledger!C7:K7,3,0),"-") -> - | G7: =IFERROR(VLOOKUP($G$5,Ledger!C7:K7,9,0),"-") -> -
A8: =IFERROR(VLOOKUP($C$5,Ledger!C8:K8,2,0),"-") -> - | B8: =IFERROR(VLOOKUP($C$5,Ledger!C8:K8,3,0),"-") -> - | C8: =IFERROR(VLOOKUP($C$5,Ledger!C8:K8,9,0),"-") -> - | E8: =IFERROR(VLOOKUP($G$5,Ledger!C8:J8,2,0),"-") -> - | F8: =IFERROR(VLOOKUP($G$5,Ledger!C8:K8,3,0),"-") -> - | G8: =IFERROR(VLOOKUP($G$5,Ledger!C8:K8,9,0),"-") -> -
A9: =IFERROR(VLOOKUP($C$5,Ledger!C9:K9,2,0),"-") -> - | B9: =IFERROR(VLOOKUP($C$5,Ledger!C9:K9,3,0),"-") -> - | C9: =IFERROR(VLOOKUP($C$5,Ledger!C9:K9,9,0),"-") -> - | E9: =IFERROR(VLOOKUP($G$5,Ledger!C9:J9,2,0),"-") -> - | F9: =IFERROR(VLOOKUP($G$5,Ledger!C9:K9,3,0),"-") -> - | G9: =IFERROR(VLOOKUP($G$5,Ledger!C9:K9,9,0),"-") -> -
A10: =IFERROR(VLOOKUP($C$5,Ledger!C10:K10,2,0),"-") -> - | B10: =IFERROR(VLOOKUP($C$5,Ledger!C10:K10,3,0),"-") -> - | C10: =IFERROR(VLOOKUP($C$5,Ledger!C10:K10,9,0),"-") -> - | E10: =IFERROR(VLOOKUP($G$5,Ledger!C10:J10,2,0),"-") -> - | F10: =IFERROR(VLOOKUP($G$5,Ledger!C10:K10,3,0),"-") -> - | G10: =IFERROR(VLOOKUP($G$5,Ledger!C10:K10,9,0),"-") -> -
A11: =IFERROR(VLOOKUP($C$5,Ledger!C11:K11,2,0),"-") -> - | B11: =IFERROR(VLOOKUP($C$5,Ledger!C11:K11,3,0),"-") -> - | C11: =IFERROR(VLOOKUP($C$5,Ledger!C11:K11,9,0),"-") -> - | E11: =IFERROR(VLOOKUP($G$5,Ledger!C11:J11,2,0),"-") -> - | F11: =IFERROR(VLOOKUP($G$5,Ledger!C11:K11,3,0),"-") -> - | G11: =IFERROR(VLOOKUP($G$5,Ledger!C11:K11,9,0),"-") -> -
A12: =IFERROR(VLOOKUP($C$5,Ledger!C12:K12,2,0),"-") -> - | B12: =IFERROR(VLOOKUP($C$5,Ledger!C12:K12,3,0),"-") -> - | C12: =IFERROR(VLOOKUP($C$5,Ledger!C12:K12,9,0),"-") -> - | E12: =IFERROR(VLOOKUP($G$5,Ledger!C12:J12,2,0),"-") -> - | F12: =IFERROR(VLOOKUP($G$5,Ledger!C12:K12,3,0),"-") -> - | G12: =IFERROR(VLOOKUP($G$5,Ledger!C12:K12,9,0),"-") -> -
A13: =IFERROR(VLOOKUP($C$5,Ledger!C13:K13,2,0),"-") -> - | B13: =IFERROR(VLOOKUP($C$5,Ledger!C13:K13,3,0),"-") -> - | C13: =IFERROR(VLOOKUP($C$5,Ledger!C13:K13,9,0),"-") -> - | E13: =IFERROR(VLOOKUP($G$5,Ledger!C13:J13,2,0),"-") -> - | F13: =IFERROR(VLOOKUP($G$5,Ledger!C13:K13,3,0),"-") -> - | G13: =IFERROR(VLOOKUP($G$5,Ledger!C13:K13,9,0),"-") -> -
A14: =IFERROR(VLOOKUP($C$5,Ledger!C14:K14,2,0),"-") -> - | B14: =IFERROR(VLOOKUP($C$5,Ledger!C14:K14,3,0),"-") -> - | C14: =IFERROR(VLOOKUP($C$5,Ledger!C14:K14,9,0),"-") -> - | E14: =IFERROR(VLOOKUP($G$5,Ledger!C14:J14,2,0),"-") -> - | F14: =IFERROR(VLOOKUP($G$5,Ledger!C14:K14,3,0),"-") -> - | G14: =IFERROR(VLOOKUP($G$5,Ledger!C14:K14,9,0),"-") -> -
A15: =IFERROR(VLOOKUP($C$5,Ledger!C15:K15,2,0),"-") -> - | B15: =IFERROR(VLOOKUP($C$5,Ledger!C15:K15,3,0),"-") -> - | C15: =IFERROR(VLOOKUP($C$5,Ledger!C15:K15,9,0),"-") -> - | E15: =IFERROR(VLOOKUP($G$5,Ledger!C15:J15,2,0),"-") -> - | F15: =IFERROR(VLOOKUP($G$5,Ledger!C15:K15,3,0),"-") -> - | G15: =IFERROR(VLOOKUP($G$5,Ledger!C15:K15,9,0),"-") -> -
A16: =IFERROR(VLOOKUP($C$5,Ledger!C16:K16,2,0),"-") -> - | B16: =IFERROR(VLOOKUP($C$5,Ledger!C16:K16,3,0),"-") -> - | C16: =IFERROR(VLOOKUP($C$5,Ledger!C16:K16,9,0),"-") -> - | E16: =IFERROR(VLOOKUP($G$5,Ledger!C16:J16,2,0),"-") -> - | F16: =IFERROR(VLOOKUP($G$5,Ledger!C16:K16,3,0),"-") -> - | G16: =IFERROR(VLOOKUP($G$5,Ledger!C16:K16,9,0),"-") -> -
A17: =IFERROR(VLOOKUP($C$5,Ledger!C17:K17,2,0),"-") -> - | B17: =IFERROR(VLOOKUP($C$5,Ledger!C17:K17,3,0),"-") -> - | C17: =IFERROR(VLOOKUP($C$5,Ledger!C17:K17,9,0),"-") -> - | E17: =IFERROR(VLOOKUP($G$5,Ledger!C17:J17,2,0),"-") -> - | F17: =IFERROR(VLOOKUP($G$5,Ledger!C17:K17,3,0),"-") -> - | G17: =IFERROR(VLOOKUP($G$5,Ledger!C17:K17,9,0),"-") -> -
A18: =IFERROR(VLOOKUP($C$5,Ledger!C18:K18,2,0),"-") -> - | B18: =IFERROR(VLOOKUP($C$5,Ledger!C18:K18,3,0),"-") -> - | C18: =IFERROR(VLOOKUP($C$5,Ledger!C18:K18,9,0),"-") -> - | E18: =IFERROR(VLOOKUP($G$5,Ledger!C18:J18,2,0),"-") -> - | F18: =IFERROR(VLOOKUP($G$5,Ledger!C18:K18,3,0),"-") -> - | G18: =IFERROR(VLOOKUP($G$5,Ledger!C18:K18,9,0),"-") -> -
... A549: =IFERROR(VLOOKUP($C$5,Ledger!C549:K549,2,0),"-") -> - | B549: =IFERROR(VLOOKUP($C$5,Ledger!C549:K549,3,0),"-") -> - | C549: =IFERROR(VLOOKUP($C$5,Ledger!C549:K549,9,0),"-") -> - | E549: =IFERROR(VLOOKUP($G$5,Ledger!C549:J549,2,0),"-") -> - | F549: =IFERROR(VLOOKUP($G$5,Ledger!C549:K549,3,0),"-") -> - | G549: =IFERROR(VLOOKUP($G$5,Ledger!C549:K549,9,0),"-") -> -

Sheet STAFF EXPENCES
A2: SUPERVISOR | E2: HELPER-1 | I2: HELPER-2 | M2: HELPER-3 | Q2: HELPER-4 | U2: GUARD | Y2: DOCTOR
A4: ALI | B4: TOTAL AMOUNT | C4: =SUM(C7:C1048576) -> 45000 | E4: SAJID | F4: TOTAL AMOUNT | G4: =SUM(G7:G1048576) -> 10000 | I4: RAFEEQ | J4: TOTAL AMOUNT | K4: =SUM(K7:K1048576) -> 25000 | M4: RASHID | N4: TOTAL AMOUNT | O4: =SUM(O7:O1048576) -> 35000 | Q4: FAHEEM | R4: TOTAL AMOUNT | S4: =SUM(S7:S1048576) -> 38000 | U4: YASIR | V4: TOTAL AMOUNT | W4: =SUM(W7:W1048576) -> 22000 | Y4: TAHIR | Z4: TOTAL AMOUNT | AA4: =SUM(AA7:AA1048576) -> 42000
C5: 4001 | G5: 4002 | K5: 4003 | O5: 4004 | S5: 4005 | W5: 4006 | AA5: 4007
A6: DATE | B6: DESCRIPTION | C6: AMOUNT | E6: DATE | F6: DESCRIPTION | G6: AMOUNT | I6: DATE | J6: DESCRIPTION | K6: AMOUNT | M6: DATE | N6: DESCRIPTION | O6: AMOUNT | Q6: DATE | R6: DESCRIPTION | S6: AMOUNT | U6: DATE | V6: DESCRIPTION | W6: AMOUNT | Y6: DATE | Z6: DESCRIPTION | AA6: AMOUNT
A7: =IFERROR(VLOOKUP($C$5,Ledger!C7:K7,2,0),"-") -> - | B7: =IFERROR(VLOOKUP($C$5,Ledger!C7:K7,3,0),"-") -> - | C7: =IFERROR(VLOOKUP($C$5,Ledger!C7:K7,9,0),"-") -> - | E7: =IFERROR(VLOOKUP($G$5,Ledger!C7:K7,2,0),"-") -> - | F7: =IFERROR(VLOOKUP($G$5,Ledger!C7:K7,3,0),"-") -> - | G7: =IFERROR(VLOOKUP($G$5,Ledger!C7:K7,9,0),"-") -> - | I7: =IFERROR(VLOOKUP($K$5,Ledger!C7:K7,2,0),"-") -> - | J7: =IFERROR(VLOOKUP($K$5,Ledger!C7:K7,3,0),"-") -> - | K7: =IFERROR(VLOOKUP($K$5,Ledger!C7:K7,9,0),"-") -> - | M7: =IFERROR(VLOOKUP($O$5,Ledger!C7:K7,2,0),"-") -> - | N7: =IFERROR(VLOOKUP($O$5,Ledger!C7:K7,3,0),"-") -> - | O7: =IFERROR(VLOOKUP($O$5,Ledger!C7:K7,9,0),"-") -> - | Q7: =IFERROR(VLOOKUP($S$5,Ledger!C7:K7,2,0),"-") -> - | R7: =IFERROR(VLOOKUP($S$5,Ledger!C7:K7,3,0),"-") -> - | S7: =IFERROR(VLOOKUP($S$5,Ledger!C7:K7,9,0),"-") -> - | U7: =IFERROR(VLOOKUP($W$5,Ledger!C7:K7,2,0),"-") -> - | V7: =IFERROR(VLOOKUP($W$5,Ledger!C7:K7,3,0),"-") -> - | W7: =IFERROR(VLOOKUP($W$5,Ledger!C7:K7,9,0),"-") -> - | Y7: =IFERROR(VLOOKUP($AA$5,Ledger!C7:K7,2,0),"-") -> - | Z7: =IFERROR(VLOOKUP($AA$5,Ledger!C7:K7,3,0),"-") -> - | AA7: =IFERROR(VLOOKUP($AA$5,Ledger!C7:K7,9,0),"-") -> -
A8: =IFERROR(VLOOKUP($C$5,Ledger!C8:K8,2,0),"-") -> - | B8: =IFERROR(VLOOKUP($C$5,Ledger!C8:K8,3,0),"-") -> - | C8: =IFERROR(VLOOKUP($C$5,Ledger!C8:K8,9,0),"-") -> - | E8: =IFERROR(VLOOKUP($G$5,Ledger!C8:K8,2,0),"-") -> - | F8: =IFERROR(VLOOKUP($G$5,Ledger!C8:K8,3,0),"-") -> - | G8: =IFERROR(VLOOKUP($G$5,Ledger!C8:K8,9,0),"-") -> - | I8: =IFERROR(VLOOKUP($K$5,Ledger!C8:K8,2,0),"-") -> - | J8: =IFERROR(VLOOKUP($K$5,Ledger!C8:K8,3,0),"-") -> - | K8: =IFERROR(VLOOKUP($K$5,Ledger!C8:K8,9,0),"-") -> - | M8: =IFERROR(VLOOKUP($O$5,Ledger!C8:K8,2,0),"-") -> - | N8: =IFERROR(VLOOKUP($O$5,Ledger!C8:K8,3,0),"-") -> - | O8: =IFERROR(VLOOKUP($O$5,Ledger!C8:K8,9,0),"-") -> - | Q8: =IFERROR(VLOOKUP($S$5,Ledger!C8:K8,2,0),"-") -> - | R8: =IFERROR(VLOOKUP($S$5,Ledger!C8:K8,3,0),"-") -> - | S8: =IFERROR(VLOOKUP($S$5,Ledger!C8:K8,9,0),"-") -> - | U8: =IFERROR(VLOOKUP($W$5,Ledger!C8:K8,2,0),"-") -> - | V8: =IFERROR(VLOOKUP($W$5,Ledger!C8:K8,3,0),"-") -> - | W8: =IFERROR(VLOOKUP($W$5,Ledger!C8:K8,9,0),"-") -> - | Y8: =IFERROR(VLOOKUP($AA$5,Ledger!C8:K8,2,0),"-") -> - | Z8: =IFERROR(VLOOKUP($AA$5,Ledger!C8:K8,3,0),"-") -> - | AA8: =IFERROR(VLOOKUP($AA$5,Ledger!C8:K8,9,0),"-") -> -
A9: =IFERROR(VLOOKUP($C$5,Ledger!C9:K9,2,0),"-") -> - | B9: =IFERROR(VLOOKUP($C$5,Ledger!C9:K9,3,0),"-") -> - | C9: =IFERROR(VLOOKUP($C$5,Ledger!C9:K9,9,0),"-") -> - | E9: =IFERROR(VLOOKUP($G$5,Ledger!C9:K9,2,0),"-") -> - | F9: =IFERROR(VLOOKUP($G$5,Ledger!C9:K9,3,0),"-") -> - | G9: =IFERROR(VLOOKUP($G$5,Ledger!C9:K9,9,0),"-") -> - | I9: =IFERROR(VLOOKUP($K$5,Ledger!C9:K9,2,0),"-") -> - | J9: =IFERROR(VLOOKUP($K$5,Ledger!C9:K9,3,0),"-") -> - | K9: =IFERROR(VLOOKUP($K$5,Ledger!C9:K9,9,0),"-") -> - | M9: =IFERROR(VLOOKUP($O$5,Ledger!C9:K9,2,0),"-") -> - | N9: =IFERROR(VLOOKUP($O$5,Ledger!C9:K9,3,0),"-") -> - | O9: =IFERROR(VLOOKUP($O$5,Ledger!C9:K9,9,0),"-") -> - | Q9: =IFERROR(VLOOKUP($S$5,Ledger!C9:K9,2,0),"-") -> - | R9: =IFERROR(VLOOKUP($S$5,Ledger!C9:K9,3,0),"-") -> - | S9: =IFERROR(VLOOKUP($S$5,Ledger!C9:K9,9,0),"-") -> - | U9: =IFERROR(VLOOKUP($W$5,Ledger!C9:K9,2,0),"-") -> - | V9: =IFERROR(VLOOKUP($W$5,Ledger!C9:K9,3,0),"-") -> - | W9: =IFERROR(VLOOKUP($W$5,Ledger!C9:K9,9,0),"-") -> - | Y9: =IFERROR(VLOOKUP($AA$5,Ledger!C9:K9,2,0),"-") -> - | Z9: =IFERROR(VLOOKUP($AA$5,Ledger!C9:K9,3,0),"-") -> - | AA9: =IFERROR(VLOOKUP($AA$5,Ledger!C9:K9,9,0),"-") -> -
A10: =IFERROR(VLOOKUP($C$5,Ledger!C10:K10,2,0),"-") -> - | B10: =IFERROR(VLOOKUP($C$5,Ledger!C10:K10,3,0),"-") -> - | C10: =IFERROR(VLOOKUP($C$5,Ledger!C10:K10,9,0),"-") -> - | E10: =IFERROR(VLOOKUP($G$5,Ledger!C10:K10,2,0),"-") -> - | F10: =IFERROR(VLOOKUP($G$5,Ledger!C10:K10,3,0),"-") -> - | G10: =IFERROR(VLOOKUP($G$5,Ledger!C10:K10,9,0),"-") -> - | I10: =IFERROR(VLOOKUP($K$5,Ledger!C10:K10,2,0),"-") -> - | J10: =IFERROR(VLOOKUP($K$5,Ledger!C10:K10,3,0),"-") -> - | K10: =IFERROR(VLOOKUP($K$5,Ledger!C10:K10,9,0),"-") -> - | M10: =IFERROR(VLOOKUP($O$5,Ledger!C10:K10,2,0),"-") -> - | N10: =IFERROR(VLOOKUP($O$5,Ledger!C10:K10,3,0),"-") -> - | O10: =IFERROR(VLOOKUP($O$5,Ledger!C10:K10,9,0),"-") -> - | Q10: =IFERROR(VLOOKUP($S$5,Ledger!C10:K10,2,0),"-") -> - | R10: =IFERROR(VLOOKUP($S$5,Ledger!C10:K10,3,0),"-") -> - | S10: =IFERROR(VLOOKUP($S$5,Ledger!C10:K10,9,0),"-") -> - | U10: =IFERROR(VLOOKUP($W$5,Ledger!C10:K10,2,0),"-") -> - | V10: =IFERROR(VLOOKUP($W$5,Ledger!C10:K10,3,0),"-") -> - | W10: =IFERROR(VLOOKUP($W$5,Ledger!C10:K10,9,0),"-") -> - | Y10: =IFERROR(VLOOKUP($AA$5,Ledger!C10:K10,2,0),"-") -> - | Z10: =IFERROR(VLOOKUP($AA$5,Ledger!C10:K10,3,0),"-") -> - | AA10: =IFERROR(VLOOKUP($AA$5,Ledger!C10:K10,9,0),"-") -> -
A11: =IFERROR(VLOOKUP($C$5,Ledger!C11:K11,2,0),"-") -> - | B11: =IFERROR(VLOOKUP($C$5,Ledger!C11:K11,3,0),"-") -> - | C11: =IFERROR(VLOOKUP($C$5,Ledger!C11:K11,9,0),"-") -> - | E11: =IFERROR(VLOOKUP($G$5,Ledger!C11:K11,2,0),"-") -> - | F11: =IFERROR(VLOOKUP($G$5,Ledger!C11:K11,3,0),"-") -> - | G11: =IFERROR(VLOOKUP($G$5,Ledger!C11:K11,9,0),"-") -> - | I11: =IFERROR(VLOOKUP($K$5,Ledger!C11:K11,2,0),"-") -> - | J11: =IFERROR(VLOOKUP($K$5,Ledger!C11:K11,3,0),"-") -> - | K11: =IFERROR(VLOOKUP($K$5,Ledger!C11:K11,9,0),"-") -> - | M11: =IFERROR(VLOOKUP($O$5,Ledger!C11:K11,2,0),"-") -> - | N11: =IFERROR(VLOOKUP($O$5,Ledger!C11:K11,3,0),"-") -> - | O11: =IFERROR(VLOOKUP($O$5,Ledger!C11:K11,9,0),"-") -> - | Q11: =IFERROR(VLOOKUP($S$5,Ledger!C11:K11,2,0),"-") -> - | R11: =IFERROR(VLOOKUP($S$5,Ledger!C11:K11,3,0),"-") -> - | S11: =IFERROR(VLOOKUP($S$5,Ledger!C11:K11,9,0),"-") -> - | U11: =IFERROR(VLOOKUP($W$5,Ledger!C11:K11,2,0),"-") -> - | V11: =IFERROR(VLOOKUP($W$5,Ledger!C11:K11,3,0),"-") -> - | W11: =IFERROR(VLOOKUP($W$5,Ledger!C11:K11,9,0),"-") -> - | Y11: =IFERROR(VLOOKUP($AA$5,Ledger!C11:K11,2,0),"-") -> - | Z11: =IFERROR(VLOOKUP($AA$5,Ledger!C11:K11,3,0),"-") -> - | AA11: =IFERROR(VLOOKUP($AA$5,Ledger!C11:K11,9,0),"-") -> -
A12: =IFERROR(VLOOKUP($C$5,Ledger!C12:K12,2,0),"-") -> - | B12: =IFERROR(VLOOKUP($C$5,Ledger!C12:K12,3,0),"-") -> - | C12: =IFERROR(VLOOKUP($C$5,Ledger!C12:K12,9,0),"-") -> - | E12: =IFERROR(VLOOKUP($G$5,Ledger!C12:K12,2,0),"-") -> - | F12: =IFERROR(VLOOKUP($G$5,Ledger!C12:K12,3,0),"-") -> - | G12: =IFERROR(VLOOKUP($G$5,Ledger!C12:K12,9,0),"-") -> - | I12: =IFERROR(VLOOKUP($K$5,Ledger!C12:K12,2,0),"-") -> - | J12: =IFERROR(VLOOKUP($K$5,Ledger!C12:K12,3,0),"-") -> - | K12: =IFERROR(VLOOKUP($K$5,Ledger!C12:K12,9,0),"-") -> - | M12: =IFERROR(VLOOKUP($O$5,Ledger!C12:K12,2,0),"-") -> - | N12: =IFERROR(VLOOKUP($O$5,Ledger!C12:K12,3,0),"-") -> - | O12: =IFERROR(VLOOKUP($O$5,Ledger!C12:K12,9,0),"-") -> - | Q12: =IFERROR(VLOOKUP($S$5,Ledger!C12:K12,2,0),"-") -> - | R12: =IFERROR(VLOOKUP($S$5,Ledger!C12:K12,3,0),"-") -> - | S12: =IFERROR(VLOOKUP($S$5,Ledger!C12:K12,9,0),"-") -> - | U12: =IFERROR(VLOOKUP($W$5,Ledger!C12:K12,2,0),"-") -> - | V12: =IFERROR(VLOOKUP($W$5,Ledger!C12:K12,3,0),"-") -> - | W12: =IFERROR(VLOOKUP($W$5,Ledger!C12:K12,9,0),"-") -> - | Y12: =IFERROR(VLOOKUP($AA$5,Ledger!C12:K12,2,0),"-") -> - | Z12: =IFERROR(VLOOKUP($AA$5,Ledger!C12:K12,3,0),"-") -> - | AA12: =IFERROR(VLOOKUP($AA$5,Ledger!C12:K12,9,0),"-") -> -
A13: =IFERROR(VLOOKUP($C$5,Ledger!C13:K13,2,0),"-") -> - | B13: =IFERROR(VLOOKUP($C$5,Ledger!C13:K13,3,0),"-") -> - | C13: =IFERROR(VLOOKUP($C$5,Ledger!C13:K13,9,0),"-") -> - | E13: =IFERROR(VLOOKUP($G$5,Ledger!C13:K13,2,0),"-") -> - | F13: =IFERROR(VLOOKUP($G$5,Ledger!C13:K13,3,0),"-") -> - | G13: =IFERROR(VLOOKUP($G$5,Ledger!C13:K13,9,0),"-") -> - | I13: =IFERROR(VLOOKUP($K$5,Ledger!C13:K13,2,0),"-") -> - | J13: =IFERROR(VLOOKUP($K$5,Ledger!C13:K13,3,0),"-") -> - | K13: =IFERROR(VLOOKUP($K$5,Ledger!C13:K13,9,0),"-") -> - | M13: =IFERROR(VLOOKUP($O$5,Ledger!C13:K13,2,0),"-") -> - | N13: =IFERROR(VLOOKUP($O$5,Ledger!C13:K13,3,0),"-") -> - | O13: =IFERROR(VLOOKUP($O$5,Ledger!C13:K13,9,0),"-") -> - | Q13: =IFERROR(VLOOKUP($S$5,Ledger!C13:K13,2,0),"-") -> - | R13: =IFERROR(VLOOKUP($S$5,Ledger!C13:K13,3,0),"-") -> - | S13: =IFERROR(VLOOKUP($S$5,Ledger!C13:K13,9,0),"-") -> - | U13: =IFERROR(VLOOKUP($W$5,Ledger!C13:K13,2,0),"-") -> - | V13: =IFERROR(VLOOKUP($W$5,Ledger!C13:K13,3,0),"-") -> - | W13: =IFERROR(VLOOKUP($W$5,Ledger!C13:K13,9,0),"-") -> - | Y13: =IFERROR(VLOOKUP($AA$5,Ledger!C13:K13,2,0),"-") -> - | Z13: =IFERROR(VLOOKUP($AA$5,Ledger!C13:K13,3,0),"-") -> - | AA13: =IFERROR(VLOOKUP($AA$5,Ledger!C13:K13,9,0),"-") -> -
A14: =IFERROR(VLOOKUP($C$5,Ledger!C14:K14,2,0),"-") -> - | B14: =IFERROR(VLOOKUP($C$5,Ledger!C14:K14,3,0),"-") -> - | C14: =IFERROR(VLOOKUP($C$5,Ledger!C14:K14,9,0),"-") -> - | E14: =IFERROR(VLOOKUP($G$5,Ledger!C14:K14,2,0),"-") -> - | F14: =IFERROR(VLOOKUP($G$5,Ledger!C14:K14,3,0),"-") -> - | G14: =IFERROR(VLOOKUP($G$5,Ledger!C14:K14,9,0),"-") -> - | I14: =IFERROR(VLOOKUP($K$5,Ledger!C14:K14,2,0),"-") -> - | J14: =IFERROR(VLOOKUP($K$5,Ledger!C14:K14,3,0),"-") -> - | K14: =IFERROR(VLOOKUP($K$5,Ledger!C14:K14,9,0),"-") -> - | M14: =IFERROR(VLOOKUP($O$5,Ledger!C14:K14,2,0),"-") -> - | N14: =IFERROR(VLOOKUP($O$5,Ledger!C14:K14,3,0),"-") -> - | O14: =IFERROR(VLOOKUP($O$5,Ledger!C14:K14,9,0),"-") -> - | Q14: =IFERROR(VLOOKUP($S$5,Ledger!C14:K14,2,0),"-") -> - | R14: =IFERROR(VLOOKUP($S$5,Ledger!C14:K14,3,0),"-") -> - | S14: =IFERROR(VLOOKUP($S$5,Ledger!C14:K14,9,0),"-") -> - | U14: =IFERROR(VLOOKUP($W$5,Ledger!C14:K14,2,0),"-") -> - | V14: =IFERROR(VLOOKUP($W$5,Ledger!C14:K14,3,0),"-") -> - | W14: =IFERROR(VLOOKUP($W$5,Ledger!C14:K14,9,0),"-") -> - | Y14: =IFERROR(VLOOKUP($AA$5,Ledger!C14:K14,2,0),"-") -> - | Z14: =IFERROR(VLOOKUP($AA$5,Ledger!C14:K14,3,0),"-") -> - | AA14: =IFERROR(VLOOKUP($AA$5,Ledger!C14:K14,9,0),"-") -> -
A15: =IFERROR(VLOOKUP($C$5,Ledger!C15:K15,2,0),"-") -> - | B15: =IFERROR(VLOOKUP($C$5,Ledger!C15:K15,3,0),"-") -> - | C15: =IFERROR(VLOOKUP($C$5,Ledger!C15:K15,9,0),"-") -> - | E15: =IFERROR(VLOOKUP($G$5,Ledger!C15:K15,2,0),"-") -> - | F15: =IFERROR(VLOOKUP($G$5,Ledger!C15:K15,3,0),"-") -> - | G15: =IFERROR(VLOOKUP($G$5,Ledger!C15:K15,9,0),"-") -> - | I15: =IFERROR(VLOOKUP($K$5,Ledger!C15:K15,2,0),"-") -> - | J15: =IFERROR(VLOOKUP($K$5,Ledger!C15:K15,3,0),"-") -> - | K15: =IFERROR(VLOOKUP($K$5,Ledger!C15:K15,9,0),"-") -> - | M15: =IFERROR(VLOOKUP($O$5,Ledger!C15:K15,2,0),"-") -> - | N15: =IFERROR(VLOOKUP($O$5,Ledger!C15:K15,3,0),"-") -> - | O15: =IFERROR(VLOOKUP($O$5,Ledger!C15:K15,9,0),"-") -> - | Q15: =IFERROR(VLOOKUP($S$5,Ledger!C15:K15,2,0),"-") -> - | R15: =IFERROR(VLOOKUP($S$5,Ledger!C15:K15,3,0),"-") -> - | S15: =IFERROR(VLOOKUP($S$5,Ledger!C15:K15,9,0),"-") -> - | U15: =IFERROR(VLOOKUP($W$5,Ledger!C15:K15,2,0),"-") -> - | V15: =IFERROR(VLOOKUP($W$5,Ledger!C15:K15,3,0),"-") -> - | W15: =IFERROR(VLOOKUP($W$5,Ledger!C15:K15,9,0),"-") -> - | Y15: =IFERROR(VLOOKUP($AA$5,Ledger!C15:K15,2,0),"-") -> - | Z15: =IFERROR(VLOOKUP($AA$5,Ledger!C15:K15,3,0),"-") -> - | AA15: =IFERROR(VLOOKUP($AA$5,Ledger!C15:K15,9,0),"-") -> -
A16: =IFERROR(VLOOKUP($C$5,Ledger!C16:K16,2,0),"-") -> - | B16: =IFERROR(VLOOKUP($C$5,Ledger!C16:K16,3,0),"-") -> - | C16: =IFERROR(VLOOKUP($C$5,Ledger!C16:K16,9,0),"-") -> - | E16: =IFERROR(VLOOKUP($G$5,Ledger!C16:K16,2,0),"-") -> - | F16: =IFERROR(VLOOKUP($G$5,Ledger!C16:K16,3,0),"-") -> - | G16: =IFERROR(VLOOKUP($G$5,Ledger!C16:K16,9,0),"-") -> - | I16: =IFERROR(VLOOKUP($K$5,Ledger!C16:K16,2,0),"-") -> - | J16: =IFERROR(VLOOKUP($K$5,Ledger!C16:K16,3,0),"-") -> - | K16: =IFERROR(VLOOKUP($K$5,Ledger!C16:K16,9,0),"-") -> - | M16: =IFERROR(VLOOKUP($O$5,Ledger!C16:K16,2,0),"-") -> - | N16: =IFERROR(VLOOKUP($O$5,Ledger!C16:K16,3,0),"-") -> - | O16: =IFERROR(VLOOKUP($O$5,Ledger!C16:K16,9,0),"-") -> - | Q16: =IFERROR(VLOOKUP($S$5,Ledger!C16:K16,2,0),"-") -> - | R16: =IFERROR(VLOOKUP($S$5,Ledger!C16:K16,3,0),"-") -> - | S16: =IFERROR(VLOOKUP($S$5,Ledger!C16:K16,9,0),"-") -> - | U16: =IFERROR(VLOOKUP($W$5,Ledger!C16:K16,2,0),"-") -> - | V16: =IFERROR(VLOOKUP($W$5,Ledger!C16:K16,3,0),"-") -> - | W16: =IFERROR(VLOOKUP($W$5,Ledger!C16:K16,9,0),"-") -> - | Y16: =IFERROR(VLOOKUP($AA$5,Ledger!C16:K16,2,0),"-") -> - | Z16: =IFERROR(VLOOKUP($AA$5,Ledger!C16:K16,3,0),"-") -> - | AA16: =IFERROR(VLOOKUP($AA$5,Ledger!C16:K16,9,0),"-") -> -
A17: =IFERROR(VLOOKUP($C$5,Ledger!C17:K17,2,0),"-") -> - | B17: =IFERROR(VLOOKUP($C$5,Ledger!C17:K17,3,0),"-") -> - | C17: =IFERROR(VLOOKUP($C$5,Ledger!C17:K17,9,0),"-") -> - | E17: =IFERROR(VLOOKUP($G$5,Ledger!C17:K17,2,0),"-") -> - | F17: =IFERROR(VLOOKUP($G$5,Ledger!C17:K17,3,0),"-") -> - | G17: =IFERROR(VLOOKUP($G$5,Ledger!C17:K17,9,0),"-") -> - | I17: =IFERROR(VLOOKUP($K$5,Ledger!C17:K17,2,0),"-") -> - | J17: =IFERROR(VLOOKUP($K$5,Ledger!C17:K17,3,0),"-") -> - | K17: =IFERROR(VLOOKUP($K$5,Ledger!C17:K17,9,0),"-") -> - | M17: =IFERROR(VLOOKUP($O$5,Ledger!C17:K17,2,0),"-") -> - | N17: =IFERROR(VLOOKUP($O$5,Ledger!C17:K17,3,0),"-") -> - | O17: =IFERROR(VLOOKUP($O$5,Ledger!C17:K17,9,0),"-") -> - | Q17: =IFERROR(VLOOKUP($S$5,Ledger!C17:K17,2,0),"-") -> - | R17: =IFERROR(VLOOKUP($S$5,Ledger!C17:K17,3,0),"-") -> - | S17: =IFERROR(VLOOKUP($S$5,Ledger!C17:K17,9,0),"-") -> - | U17: =IFERROR(VLOOKUP($W$5,Ledger!C17:K17,2,0),"-") -> - | V17: =IFERROR(VLOOKUP($W$5,Ledger!C17:K17,3,0),"-") -> - | W17: =IFERROR(VLOOKUP($W$5,Ledger!C17:K17,9,0),"-") -> - | Y17: =IFERROR(VLOOKUP($AA$5,Ledger!C17:K17,2,0),"-") -> - | Z17: =IFERROR(VLOOKUP($AA$5,Ledger!C17:K17,3,0),"-") -> - | AA17: =IFERROR(VLOOKUP($AA$5,Ledger!C17:K17,9,0),"-") -> -
A18: =IFERROR(VLOOKUP($C$5,Ledger!C18:K18,2,0),"-") -> - | B18: =IFERROR(VLOOKUP($C$5,Ledger!C18:K18,3,0),"-") -> - | C18: =IFERROR(VLOOKUP($C$5,Ledger!C18:K18,9,0),"-") -> - | E18: =IFERROR(VLOOKUP($G$5,Ledger!C18:K18,2,0),"-") -> - | F18: =IFERROR(VLOOKUP($G$5,Ledger!C18:K18,3,0),"-") -> - | G18: =IFERROR(VLOOKUP($G$5,Ledger!C18:K18,9,0),"-") -> - | I18: =IFERROR(VLOOKUP($K$5,Ledger!C18:K18,2,0),"-") -> - | J18: =IFERROR(VLOOKUP($K$5,Ledger!C18:K18,3,0),"-") -> - | K18: =IFERROR(VLOOKUP($K$5,Ledger!C18:K18,9,0),"-") -> - | M18: =IFERROR(VLOOKUP($O$5,Ledger!C18:K18,2,0),"-") -> - | N18: =IFERROR(VLOOKUP($O$5,Ledger!C18:K18,3,0),"-") -> - | O18: =IFERROR(VLOOKUP($O$5,Ledger!C18:K18,9,0),"-") -> - | Q18: =IFERROR(VLOOKUP($S$5,Ledger!C18:K18,2,0),"-") -> - | R18: =IFERROR(VLOOKUP($S$5,Ledger!C18:K18,3,0),"-") -> - | S18: =IFERROR(VLOOKUP($S$5,Ledger!C18:K18,9,0),"-") -> - | U18: =IFERROR(VLOOKUP($W$5,Ledger!C18:K18,2,0),"-") -> - | V18: =IFERROR(VLOOKUP($W$5,Ledger!C18:K18,3,0),"-") -> - | W18: =IFERROR(VLOOKUP($W$5,Ledger!C18:K18,9,0),"-") -> - | Y18: =IFERROR(VLOOKUP($AA$5,Ledger!C18:K18,2,0),"-") -> - | Z18: =IFERROR(VLOOKUP($AA$5,Ledger!C18:K18,3,0),"-") -> - | AA18: =IFERROR(VLOOKUP($AA$5,Ledger!C18:K18,9,0),"-") -> -
... A549: =IFERROR(VLOOKUP($C$5,Ledger!C549:K549,2,0),"-") -> - | B549: =IFERROR(VLOOKUP($C$5,Ledger!C549:K549,3,0),"-") -> - | C549: =IFERROR(VLOOKUP($C$5,Ledger!C549:K549,9,0),"-") -> - | E549: =IFERROR(VLOOKUP($G$5,Ledger!C549:K549,2,0),"-") -> - | F549: =IFERROR(VLOOKUP($G$5,Ledger!C549:K549,3,0),"-") -> - | G549: =IFERROR(VLOOKUP($G$5,Ledger!C549:K549,9,0),"-") -> - | I549: =IFERROR(VLOOKUP($K$5,Ledger!C549:K549,2,0),"-") -> - | J549: =IFERROR(VLOOKUP($K$5,Ledger!C549:K549,3,0),"-") -> - | K549: =IFERROR(VLOOKUP($K$5,Ledger!C549:K549,9,0),"-") -> - | M549: =IFERROR(VLOOKUP($O$5,Ledger!C549:K549,2,0),"-") -> - | N549: =IFERROR(VLOOKUP($O$5,Ledger!C549:K549,3,0),"-") -> - | O549: =IFERROR(VLOOKUP($O$5,Ledger!C549:K549,9,0),"-") -> - | Q549: =IFERROR(VLOOKUP($S$5,Ledger!C549:K549,2,0),"-") -> - | R549: =IFERROR(VLOOKUP($S$5,Ledger!C549:K549,3,0),"-") -> - | S549: =IFERROR(VLOOKUP($S$5,Ledger!C549:K549,9,0),"-") -> - | U549: =IFERROR(VLOOKUP($W$5,Ledger!C549:K549,2,0),"-") -> - | V549: =IFERROR(VLOOKUP($W$5,Ledger!C549:K549,3,0),"-") -> - | W549: =IFERROR(VLOOKUP($W$5,Ledger!C549:K549,9,0),"-") -> - | Y549: =IFERROR(VLOOKUP($AA$5,Ledger!C549:K549,2,0),"-") -> - | Z549: =IFERROR(VLOOKUP($AA$5,Ledger!C549:K549,3,0),"-") -> - | AA549: =IFERROR(VLOOKUP($AA$5,Ledger!C549:K549,9,0),"-") -> -

Sheet PORCUREMENT
A2: CHICKS | J2: MEDICINE | S2: FEED | AB2: FUEL | AK2: MICS
E4: TOTAL | F4: =SUM(F7:F1048576) -> 2644000 | G4: =SUM(G7:G1048576) -> 2494000 | H4: =SUM(H7:H1048576) -> 150000 | K4: TOTAL AMOUNT | N4: TOTAL | O4: =SUM(O7:O1048576) -> 1575000 | P4: =SUM(P7:P1048576) -> 1575000 | Q4: =SUM(Q7:Q1048576) -> 0 | W4: TOTAL | X4: =SUM(X7:X1048576) -> 4600000 | Y4: =SUM(Y7:Y1048576) -> 2450000 | Z4: =SUM(Z7:Z1048576) -> 2150000 | AF4: TOTAL | AG4: =SUM(AG7:AG1048576) -> 141500 | AH4: =SUM(AH7:AH1048576) -> 139500 | AI4: =SUM(AI7:AI1048576) -> 2000 | AO4: TOTAL | AP4: =SUM(AP7:AP1048576) -> 50000 | AQ4: =SUM(AQ7:AQ1048576) -> 50000 | AR4: =SUM(AR7:AR1048576) -> 0 | AX4: TOTAL | AY4: =SUM(AY7:AY1048576) -> 0 | AZ4: =SUM(AZ7:AZ1048576) -> 0 | BA4: =SUM(BA7:BA1048576) -> 0 | BG4: TOTAL | BH4: =SUM(BH7:BH1048576) -> 0 | BI4: =SUM(BI7:BI1048576) -> 0 | BJ4: =SUM(BJ7:BJ1048576) -> 0
H5: 5001 | Q5: 5002 | Z5: 5003 | AI5: 5004 | AR5: 5005 | BA5: 5006 | BJ5: 5007
A6: DATE | B6: DESCRIPTION | C6: UNIT | D6: QUANTITY | E6: RATE | F6: TOTAL AMOUNT | G6: AMOUNT PAID | H6: BALANCE PAYABLE | J6: DATE | K6: DESCRIPTION | L6: UNIT | M6: QUANTITY | N6: RATE | O6: TOTAL AMOUNT | P6: AMOUNT PAID | Q6: BALANCE PAYABLE | S6: DATE | T6: DESCRIPTION | U6: UNIT | V6: QUANTITY | W6: RATE | X6: TOTAL AMOUNT | Y6: AMOUNT PAID | Z6: BALANCE PAYABLE | AB6: DATE | AC6: DESCRIPTION | AD6: UNIT | AE6: QUANTITY | AF6: RATE | AG6: TOTAL AMOUNT | AH6: AMOUNT PAID | AI6: BALANCE PAYABLE | AK6: DATE | AL6: DESCRIPTION | AM6: UNIT | AN6: QUANTITY | AO6: RATE | AP6: TOTAL AMOUNT | AQ6: AMOUNT PAID | AR6: BALANCE PAYABLE | AT6: DATE | AU6: DESCRIPTION | AV6: UNIT | AW6: QUANTITY | AX6: RATE | AY6: TOTAL AMOUNT | AZ6: AMOUNT PAID | BA6: BALANCE PAYABLE | BC6: DATE | BD6: DESCRIPTION | BE6: UNIT | BF6: QUANTITY | BG6: RATE | BH6: TOTAL AMOUNT | BI6: AMOUNT PAID | BJ6: BALANCE PAYABLE
A7: =IFERROR(VLOOKUP($H$5,Ledger!C7:K7,2,0),"-") -> - | B7: =IFERROR(VLOOKUP($H$5,Ledger!C7:K7,3,0),"-") -> - | C7: =IFERROR(VLOOKUP($H$5,Ledger!C7:K7,4,0),"-") -> - | D7: =IFERROR(VLOOKUP($H$5,Ledger!C7:K7,5,0),"-") -> - | E7: =IFERROR(VLOOKUP($H$5,Ledger!C7:K7,6,0),"-") -> - | F7: =PRODUCT(D7:E7) -> 0 | G7: =IFERROR(VLOOKUP($H$5,Ledger!C7:K7,9,0),"-") -> - | H7: =IFERROR((F7-G7),"-") -> - | J7: =IFERROR(VLOOKUP($Q$5,Ledger!C7:K7,2,0),"-") -> - | K7: =IFERROR(VLOOKUP($Q$5,Ledger!C7:K7,3,0),"-") -> - | L7: =IFERROR(VLOOKUP($Q$5,Ledger!C7:K7,4,0),"-") -> - | M7: =IFERROR(VLOOKUP($Q$5,Ledger!C7:K7,5,0),"-") -> - | N7: =IFERROR(VLOOKUP($Q$5,Ledger!C7:K7,6,0),"-") -> - | O7: =PRODUCT(M7:N7) -> 0 | P7: =IFERROR(VLOOKUP($Q$5,Ledger!C7:K7,9,0),"-") -> - | Q7: =IFERROR((O7-P7),"-") -> - | S7: =IFERROR(VLOOKUP($Z$5,Ledger!C7:K7,2,0),"-") -> 45712 | T7: =IFERROR(VLOOKUP($Z$5,Ledger!C7:K7,3,0),"-") -> FEED | U7: =IFERROR(VLOOKUP($Z$5,Ledger!C7:K7,4,0),"-") -> KG | V7: =IFERROR(VLOOKUP($Z$5,Ledger!C7:K7,5,0),"-") -> 1200 | W7: =IFERROR(VLOOKUP($Z$5,Ledger!C7:K7,6,0),"-") -> 500 | X7: =PRODUCT(V7:W7) -> 600000 | Y7: =IFERROR(VLOOKUP($Z$5,Ledger!C7:K7,9,0),"-") -> 450000 | Z7: =IFERROR((X7-Y7),"-") -> 150000 | AB7: =IFERROR(VLOOKUP($AI$5,Ledger!C7:K7,2,0),"-") -> - | AC7: =IFERROR(VLOOKUP($AI$5,Ledger!C7:K7,3,0),"-") -> - | AD7: =IFERROR(VLOOKUP($AI$5,Ledger!C7:K7,4,0),"-") -> - | AE7: =IFERROR(VLOOKUP($AI$5,Ledger!C7:K7,5,0),"-") -> - | AF7: =IFERROR(VLOOKUP($AI$5,Ledger!C7:K7,6,0),"-") -> - | AG7: =PRODUCT(AE7:AF7) -> 0 | AH7: =IFERROR(VLOOKUP($AI$5,Ledger!C7:K7,9,0),"-") -> - | AI7: =IFERROR((AG7-AH7),"-") -> - | AK7: =IFERROR(VLOOKUP($AR$5,Ledger!C7:K7,2,0),"-") -> - | AL7: =IFERROR(VLOOKUP($AR$5,Ledger!C7:K7,3,0),"-") -> - | AM7: =IFERROR(VLOOKUP($AR$5,Ledger!C7:K7,4,0),"-") -> - | AN7: =IFERROR(VLOOKUP($AR$5,Ledger!C7:K7,5,0),"-") -> - | AO7: =IFERROR(VLOOKUP($AR$5,Ledger!C7:K7,6,0),"-") -> - | AP7: =PRODUCT(AN7:AO7) -> 0 | AQ7: =IFERROR(VLOOKUP($AR$5,Ledger!C7:K7,9,0),"-") -> - | AR7: =IFERROR((AP7-AQ7),"-") -> - | AT7: =IFERROR(VLOOKUP($BA$5,Ledger!C7:K7,2,0),"-") -> - | AU7: =IFERROR(VLOOKUP($BA$5,Ledger!C7:K7,3,0),"-") -> - | AV7: =IFERROR(VLOOKUP($BA$5,Ledger!C7:K7,4,0),"-") -> - | AW7: =IFERROR(VLOOKUP($BA$5,Ledger!C7:K7,5,0),"-") -> - | AX7: =IFERROR(VLOOKUP($BA$5,Ledger!C7:K7,6,0),"-") -> - | AY7: =PRODUCT(AW7:AX7) -> 0 | AZ7: =IFERROR(VLOOKUP($BA$5,Ledger!C7:K7,9,0),"-") -> - | BA7: =IFERROR((AY7-AZ7),"-") -> - | BC7: =IFERROR(VLOOKUP($BJ$5,Ledger!C7:K7,2,0),"-") -> - | BD7: =IFERROR(VLOOKUP($BJ$5,Ledger!C7:K7,3,0),"-") -> - | BE7: =IFERROR(VLOOKUP($BJ$5,Ledger!C7:K7,4,0),"-") -> - | BF7: =IFERROR(VLOOKUP($BJ$5,Ledger!C7:K7,5,0),"-") -> - | BG7: =IFERROR(VLOOKUP($BJ$5,Ledger!C7:K7,6,0),"-") -> - | BH7: =PRODUCT(BF7:BG7) -> 0 | BI7: =IFERROR(VLOOKUP($BJ$5,Ledger!C7:K7,9,0),"-") -> - | BJ7: =IFERROR((BH7-BI7),"-") -> -
A8: =IFERROR(VLOOKUP($H$5,Ledger!C8:K8,2,0),"-") -> - | B8: =IFERROR(VLOOKUP($H$5,Ledger!C8:K8,3,0),"-") -> - | C8: =IFERROR(VLOOKUP($H$5,Ledger!C8:K8,4,0),"-") -> - | D8: =IFERROR(VLOOKUP($H$5,Ledger!C8:K8,5,0),"-") -> - | E8: =IFERROR(VLOOKUP($H$5,Ledger!C8:K8,6,0),"-") -> - | F8: =PRODUCT(D8:E8) -> 0 | G8: =IFERROR(VLOOKUP($H$5,Ledger!C8:K8,9,0),"-") -> - | H8: =IFERROR((F8-G8),"-") -> - | J8: =IFERROR(VLOOKUP($Q$5,Ledger!C8:K8,2,0),"-") -> - | K8: =IFERROR(VLOOKUP($Q$5,Ledger!C8:K8,3,0),"-") -> - | L8: =IFERROR(VLOOKUP($Q$5,Ledger!C8:K8,4,0),"-") -> - | M8: =IFERROR(VLOOKUP($Q$5,Ledger!C8:K8,5,0),"-") -> - | N8: =IFERROR(VLOOKUP($Q$5,Ledger!C8:K8,6,0),"-") -> - | O8: =PRODUCT(M8:N8) -> 0 | P8: =IFERROR(VLOOKUP($Q$5,Ledger!C8:K8,9,0),"-") -> - | Q8: =IFERROR((O8-P8),"-") -> - | S8: =IFERROR(VLOOKUP($Z$5,Ledger!C8:K8,2,0),"-") -> - | T8: =IFERROR(VLOOKUP($Z$5,Ledger!C8:K8,3,0),"-") -> - | U8: =IFERROR(VLOOKUP($Z$5,Ledger!C8:K8,4,0),"-") -> - | V8: =IFERROR(VLOOKUP($Z$5,Ledger!C8:K8,5,0),"-") -> - | W8: =IFERROR(VLOOKUP($Z$5,Ledger!C8:K8,6,0),"-") -> - | X8: =PRODUCT(V8:W8) -> 0 | Y8: =IFERROR(VLOOKUP($Z$5,Ledger!C8:K8,9,0),"-") -> - | Z8: =IFERROR((X8-Y8),"-") -> - | AB8: =IFERROR(VLOOKUP($AI$5,Ledger!C8:K8,2,0),"-") -> - | AC8: =IFERROR(VLOOKUP($AI$5,Ledger!C8:K8,3,0),"-") -> - | AD8: =IFERROR(VLOOKUP($AI$5,Ledger!C8:K8,4,0),"-") -> - | AE8: =IFERROR(VLOOKUP($AI$5,Ledger!C8:K8,5,0),"-") -> - | AF8: =IFERROR(VLOOKUP($AI$5,Ledger!C8:K8,6,0),"-") -> - | AG8: =PRODUCT(AE8:AF8) -> 0 | AH8: =IFERROR(VLOOKUP($AI$5,Ledger!C8:K8,9,0),"-") -> - | AI8: =IFERROR((AG8-AH8),"-") -> - | AK8: =IFERROR(VLOOKUP($AR$5,Ledger!C8:K8,2,0),"-") -> - | AL8: =IFERROR(VLOOKUP($AR$5,Ledger!C8:K8,3,0),"-") -> - | AM8: =IFERROR(VLOOKUP($AR$5,Ledger!C8:K8,4,0),"-") -> - | AN8: =IFERROR(VLOOKUP($AR$5,Ledger!C8:K8,5,0),"-") -> - | AO8: =IFERROR(VLOOKUP($AR$5,Ledger!C8:K8,6,0),"-") -> - | AP8: =PRODUCT(AN8:AO8) -> 0 | AQ8: =IFERROR(VLOOKUP($AR$5,Ledger!C8:K8,9,0),"-") -> - | AR8: =IFERROR((AP8-AQ8),"-") -> - | AT8: =IFERROR(VLOOKUP($BA$5,Ledger!C8:K8,2,0),"-") -> - | AU8: =IFERROR(VLOOKUP($BA$5,Ledger!C8:K8,3,0),"-") -> - | AV8: =IFERROR(VLOOKUP($BA$5,Ledger!C8:K8,4,0),"-") -> - | AW8: =IFERROR(VLOOKUP($BA$5,Ledger!C8:K8,5,0),"-") -> - | AX8: =IFERROR(VLOOKUP($BA$5,Ledger!C8:K8,6,0),"-") -> - | AY8: =PRODUCT(AW8:AX8) -> 0 | AZ8: =IFERROR(VLOOKUP($BA$5,Ledger!C8:K8,9,0),"-") -> - | BA8: =IFERROR((AY8-AZ8),"-") -> - | BC8: =IFERROR(VLOOKUP($BJ$5,Ledger!C8:K8,2,0),"-") -> - | BD8: =IFERROR(VLOOKUP($BJ$5,Ledger!C8:K8,3,0),"-") -> - | BE8: =IFERROR(VLOOKUP($BJ$5,Ledger!C8:K8,4,0),"-") -> - | BF8: =IFERROR(VLOOKUP($BJ$5,Ledger!C8:K8,5,0),"-") -> - | BG8: =IFERROR(VLOOKUP($BJ$5,Ledger!C8:K8,6,0),"-") -> - | BH8: =PRODUCT(BF8:BG8) -> 0 | BI8: =IFERROR(VLOOKUP($BJ$5,Ledger!C8:K8,9,0),"-") -> - | BJ8: =IFERROR((BH8-BI8),"-") -> -
A9: =IFERROR(VLOOKUP($H$5,Ledger!C9:K9,2,0),"-") -> - | B9: =IFERROR(VLOOKUP($H$5,Ledger!C9:K9,3,0),"-") -> - | C9: =IFERROR(VLOOKUP($H$5,Ledger!C9:K9,4,0),"-") -> - | D9: =IFERROR(VLOOKUP($H$5,Ledger!C9:K9,5,0),"-") -> - | E9: =IFERROR(VLOOKUP($H$5,Ledger!C9:K9,6,0),"-") -> - | F9: =PRODUCT(D9:E9) -> 0 | G9: =IFERROR(VLOOKUP($H$5,Ledger!C9:K9,9,0),"-") -> - | H9: =IFERROR((F9-G9),"-") -> - | J9: =IFERROR(VLOOKUP($Q$5,Ledger!C9:K9,2,0),"-") -> - | K9: =IFERROR(VLOOKUP($Q$5,Ledger!C9:K9,3,0),"-") -> - | L9: =IFERROR(VLOOKUP($Q$5,Ledger!C9:K9,4,0),"-") -> - | M9: =IFERROR(VLOOKUP($Q$5,Ledger!C9:K9,5,0),"-") -> - | N9: =IFERROR(VLOOKUP($Q$5,Ledger!C9:K9,6,0),"-") -> - | O9: =PRODUCT(M9:N9) -> 0 | P9: =IFERROR(VLOOKUP($Q$5,Ledger!C9:K9,9,0),"-") -> - | Q9: =IFERROR((O9-P9),"-") -> - | S9: =IFERROR(VLOOKUP($Z$5,Ledger!C9:K9,2,0),"-") -> - | T9: =IFERROR(VLOOKUP($Z$5,Ledger!C9:K9,3,0),"-") -> - | U9: =IFERROR(VLOOKUP($Z$5,Ledger!C9:K9,4,0),"-") -> - | V9: =IFERROR(VLOOKUP($Z$5,Ledger!C9:K9,5,0),"-") -> - | W9: =IFERROR(VLOOKUP($Z$5,Ledger!C9:K9,6,0),"-") -> - | X9: =PRODUCT(V9:W9) -> 0 | Y9: =IFERROR(VLOOKUP($Z$5,Ledger!C9:K9,9,0),"-") -> - | Z9: =IFERROR((X9-Y9),"-") -> - | AB9: =IFERROR(VLOOKUP($AI$5,Ledger!C9:K9,2,0),"-") -> - | AC9: =IFERROR(VLOOKUP($AI$5,Ledger!C9:K9,3,0),"-") -> - | AD9: =IFERROR(VLOOKUP($AI$5,Ledger!C9:K9,4,0),"-") -> - | AE9: =IFERROR(VLOOKUP($AI$5,Ledger!C9:K9,5,0),"-") -> - | AF9: =IFERROR(VLOOKUP($AI$5,Ledger!C9:K9,6,0),"-") -> - | AG9: =PRODUCT(AE9:AF9) -> 0 | AH9: =IFERROR(VLOOKUP($AI$5,Ledger!C9:K9,9,0),"-") -> - | AI9: =IFERROR((AG9-AH9),"-") -> - | AK9: =IFERROR(VLOOKUP($AR$5,Ledger!C9:K9,2,0),"-") -> - | AL9: =IFERROR(VLOOKUP($AR$5,Ledger!C9:K9,3,0),"-") -> - | AM9: =IFERROR(VLOOKUP($AR$5,Ledger!C9:K9,4,0),"-") -> - | AN9: =IFERROR(VLOOKUP($AR$5,Ledger!C9:K9,5,0),"-") -> - | AO9: =IFERROR(VLOOKUP($AR$5,Ledger!C9:K9,6,0),"-") -> - | AP9: =PRODUCT(AN9:AO9) -> 0 | AQ9: =IFERROR(VLOOKUP($AR$5,Ledger!C9:K9,9,0),"-") -> - | AR9: =IFERROR((AP9-AQ9),"-") -> - | AT9: =IFERROR(VLOOKUP($BA$5,Ledger!C9:K9,2,0),"-") -> - | AU9: =IFERROR(VLOOKUP($BA$5,Ledger!C9:K9,3,0),"-") -> - | AV9: =IFERROR(VLOOKUP($BA$5,Ledger!C9:K9,4,0),"-") -> - | AW9: =IFERROR(VLOOKUP($BA$5,Ledger!C9:K9,5,0),"-") -> - | AX9: =IFERROR(VLOOKUP($BA$5,Ledger!C9:K9,6,0),"-") -> - | AY9: =PRODUCT(AW9:AX9) -> 0 | AZ9: =IFERROR(VLOOKUP($BA$5,Ledger!C9:K9,9,0),"-") -> - | BA9: =IFERROR((AY9-AZ9),"-") -> - | BC9: =IFERROR(VLOOKUP($BJ$5,Ledger!C9:K9,2,0),"-") -> - | BD9: =IFERROR(VLOOKUP($BJ$5,Ledger!C9:K9,3,0),"-") -> - | BE9: =IFERROR(VLOOKUP($BJ$5,Ledger!C9:K9,4,0),"-") -> - | BF9: =IFERROR(VLOOKUP($BJ$5,Ledger!C9:K9,5,0),"-") -> - | BG9: =IFERROR(VLOOKUP($BJ$5,Ledger!C9:K9,6,0),"-") -> - | BH9: =PRODUCT(BF9:BG9) -> 0 | BI9: =IFERROR(VLOOKUP($BJ$5,Ledger!C9:K9,9,0),"-") -> - | BJ9: =IFERROR((BH9-BI9),"-") -> -
A10: =IFERROR(VLOOKUP($H$5,Ledger!C10:K10,2,0),"-") -> - | B10: =IFERROR(VLOOKUP($H$5,Ledger!C10:K10,3,0),"-") -> - | C10: =IFERROR(VLOOKUP($H$5,Ledger!C10:K10,4,0),"-") -> - | D10: =IFERROR(VLOOKUP($H$5,Ledger!C10:K10,5,0),"-") -> - | E10: =IFERROR(VLOOKUP($H$5,Ledger!C10:K10,6,0),"-") -> - | F10: =PRODUCT(D10:E10) -> 0 | G10: =IFERROR(VLOOKUP($H$5,Ledger!C10:K10,9,0),"-") -> - | H10: =IFERROR((F10-G10),"-") -> - | J10: =IFERROR(VLOOKUP($Q$5,Ledger!C10:K10,2,0),"-") -> - | K10: =IFERROR(VLOOKUP($Q$5,Ledger!C10:K10,3,0),"-") -> - | L10: =IFERROR(VLOOKUP($Q$5,Ledger!C10:K10,4,0),"-") -> - | M10: =IFERROR(VLOOKUP($Q$5,Ledger!C10:K10,5,0),"-") -> - | N10: =IFERROR(VLOOKUP($Q$5,Ledger!C10:K10,6,0),"-") -> - | O10: =PRODUCT(M10:N10) -> 0 | P10: =IFERROR(VLOOKUP($Q$5,Ledger!C10:K10,9,0),"-") -> - | Q10: =IFERROR((O10-P10),"-") -> - | S10: =IFERROR(VLOOKUP($Z$5,Ledger!C10:K10,2,0),"-") -> - | T10: =IFERROR(VLOOKUP($Z$5,Ledger!C10:K10,3,0),"-") -> - | U10: =IFERROR(VLOOKUP($Z$5,Ledger!C10:K10,4,0),"-") -> - | V10: =IFERROR(VLOOKUP($Z$5,Ledger!C10:K10,5,0),"-") -> - | W10: =IFERROR(VLOOKUP($Z$5,Ledger!C10:K10,6,0),"-") -> - | X10: =PRODUCT(V10:W10) -> 0 | Y10: =IFERROR(VLOOKUP($Z$5,Ledger!C10:K10,9,0),"-") -> - | Z10: =IFERROR((X10-Y10),"-") -> - | AB10: =IFERROR(VLOOKUP($AI$5,Ledger!C10:K10,2,0),"-") -> - | AC10: =IFERROR(VLOOKUP($AI$5,Ledger!C10:K10,3,0),"-") -> - | AD10: =IFERROR(VLOOKUP($AI$5,Ledger!C10:K10,4,0),"-") -> - | AE10: =IFERROR(VLOOKUP($AI$5,Ledger!C10:K10,5,0),"-") -> - | AF10: =IFERROR(VLOOKUP($AI$5,Ledger!C10:K10,6,0),"-") -> - | AG10: =PRODUCT(AE10:AF10) -> 0 | AH10: =IFERROR(VLOOKUP($AI$5,Ledger!C10:K10,9,0),"-") -> - | AI10: =IFERROR((AG10-AH10),"-") -> - | AK10: =IFERROR(VLOOKUP($AR$5,Ledger!C10:K10,2,0),"-") -> - | AL10: =IFERROR(VLOOKUP($AR$5,Ledger!C10:K10,3,0),"-") -> - | AM10: =IFERROR(VLOOKUP($AR$5,Ledger!C10:K10,4,0),"-") -> - | AN10: =IFERROR(VLOOKUP($AR$5,Ledger!C10:K10,5,0),"-") -> - | AO10: =IFERROR(VLOOKUP($AR$5,Ledger!C10:K10,6,0),"-") -> - | AP10: =PRODUCT(AN10:AO10) -> 0 | AQ10: =IFERROR(VLOOKUP($AR$5,Ledger!C10:K10,9,0),"-") -> - | AR10: =IFERROR((AP10-AQ10),"-") -> - | AT10: =IFERROR(VLOOKUP($BA$5,Ledger!C10:K10,2,0),"-") -> - | AU10: =IFERROR(VLOOKUP($BA$5,Ledger!C10:K10,3,0),"-") -> - | AV10: =IFERROR(VLOOKUP($BA$5,Ledger!C10:K10,4,0),"-") -> - | AW10: =IFERROR(VLOOKUP($BA$5,Ledger!C10:K10,5,0),"-") -> - | AX10: =IFERROR(VLOOKUP($BA$5,Ledger!C10:K10,6,0),"-") -> - | AY10: =PRODUCT(AW10:AX10) -> 0 | AZ10: =IFERROR(VLOOKUP($BA$5,Ledger!C10:K10,9,0),"-") -> - | BA10: =IFERROR((AY10-AZ10),"-") -> - | BC10: =IFERROR(VLOOKUP($BJ$5,Ledger!C10:K10,2,0),"-") -> - | BD10: =IFERROR(VLOOKUP($BJ$5,Ledger!C10:K10,3,0),"-") -> - | BE10: =IFERROR(VLOOKUP($BJ$5,Ledger!C10:K10,4,0),"-") -> - | BF10: =IFERROR(VLOOKUP($BJ$5,Ledger!C10:K10,5,0),"-") -> - | BG10: =IFERROR(VLOOKUP($BJ$5,Ledger!C10:K10,6,0),"-") -> - | BH10: =PRODUCT(BF10:BG10) -> 0 | BI10: =IFERROR(VLOOKUP($BJ$5,Ledger!C10:K10,9,0),"-") -> - | BJ10: =IFERROR((BH10-BI10),"-") -> -
A11: =IFERROR(VLOOKUP($H$5,Ledger!C11:K11,2,0),"-") -> - | B11: =IFERROR(VLOOKUP($H$5,Ledger!C11:K11,3,0),"-") -> - | C11: =IFERROR(VLOOKUP($H$5,Ledger!C11:K11,4,0),"-") -> - | D11: =IFERROR(VLOOKUP($H$5,Ledger!C11:K11,5,0),"-") -> - | E11: =IFERROR(VLOOKUP($H$5,Ledger!C11:K11,6,0),"-") -> - | F11: =PRODUCT(D11:E11) -> 0 | G11: =IFERROR(VLOOKUP($H$5,Ledger!C11:K11,9,0),"-") -> - | H11: =IFERROR((F11-G11),"-") -> - | J11: =IFERROR(VLOOKUP($Q$5,Ledger!C11:K11,2,0),"-") -> - | K11: =IFERROR(VLOOKUP($Q$5,Ledger!C11:K11,3,0),"-") -> - | L11: =IFERROR(VLOOKUP($Q$5,Ledger!C11:K11,4,0),"-") -> - | M11: =IFERROR(VLOOKUP($Q$5,Ledger!C11:K11,5,0),"-") -> - | N11: =IFERROR(VLOOKUP($Q$5,Ledger!C11:K11,6,0),"-") -> - | O11: =PRODUCT(M11:N11) -> 0 | P11: =IFERROR(VLOOKUP($Q$5,Ledger!C11:K11,9,0),"-") -> - | Q11: =IFERROR((O11-P11),"-") -> - | S11: =IFERROR(VLOOKUP($Z$5,Ledger!C11:K11,2,0),"-") -> - | T11: =IFERROR(VLOOKUP($Z$5,Ledger!C11:K11,3,0),"-") -> - | U11: =IFERROR(VLOOKUP($Z$5,Ledger!C11:K11,4,0),"-") -> - | V11: =IFERROR(VLOOKUP($Z$5,Ledger!C11:K11,5,0),"-") -> - | W11: =IFERROR(VLOOKUP($Z$5,Ledger!C11:K11,6,0),"-") -> - | X11: =PRODUCT(V11:W11) -> 0 | Y11: =IFERROR(VLOOKUP($Z$5,Ledger!C11:K11,9,0),"-") -> - | Z11: =IFERROR((X11-Y11),"-") -> - | AB11: =IFERROR(VLOOKUP($AI$5,Ledger!C11:K11,2,0),"-") -> - | AC11: =IFERROR(VLOOKUP($AI$5,Ledger!C11:K11,3,0),"-") -> - | AD11: =IFERROR(VLOOKUP($AI$5,Ledger!C11:K11,4,0),"-") -> - | AE11: =IFERROR(VLOOKUP($AI$5,Ledger!C11:K11,5,0),"-") -> - | AF11: =IFERROR(VLOOKUP($AI$5,Ledger!C11:K11,6,0),"-") -> - | AG11: =PRODUCT(AE11:AF11) -> 0 | AH11: =IFERROR(VLOOKUP($AI$5,Ledger!C11:K11,9,0),"-") -> - | AI11: =IFERROR((AG11-AH11),"-") -> - | AK11: =IFERROR(VLOOKUP($AR$5,Ledger!C11:K11,2,0),"-") -> - | AL11: =IFERROR(VLOOKUP($AR$5,Ledger!C11:K11,3,0),"-") -> - | AM11: =IFERROR(VLOOKUP($AR$5,Ledger!C11:K11,4,0),"-") -> - | AN11: =IFERROR(VLOOKUP($AR$5,Ledger!C11:K11,5,0),"-") -> - | AO11: =IFERROR(VLOOKUP($AR$5,Ledger!C11:K11,6,0),"-") -> - | AP11: =PRODUCT(AN11:AO11) -> 0 | AQ11: =IFERROR(VLOOKUP($AR$5,Ledger!C11:K11,9,0),"-") -> - | AR11: =IFERROR((AP11-AQ11),"-") -> - | AT11: =IFERROR(VLOOKUP($BA$5,Ledger!C11:K11,2,0),"-") -> - | AU11: =IFERROR(VLOOKUP($BA$5,Ledger!C11:K11,3,0),"-") -> - | AV11: =IFERROR(VLOOKUP($BA$5,Ledger!C11:K11,4,0),"-") -> - | AW11: =IFERROR(VLOOKUP($BA$5,Ledger!C11:K11,5,0),"-") -> - | AX11: =IFERROR(VLOOKUP($BA$5,Ledger!C11:K11,6,0),"-") -> - | AY11: =PRODUCT(AW11:AX11) -> 0 | AZ11: =IFERROR(VLOOKUP($BA$5,Ledger!C11:K11,9,0),"-") -> - | BA11: =IFERROR((AY11-AZ11),"-") -> - | BC11: =IFERROR(VLOOKUP($BJ$5,Ledger!C11:K11,2,0),"-") -> - | BD11: =IFERROR(VLOOKUP($BJ$5,Ledger!C11:K11,3,0),"-") -> - | BE11: =IFERROR(VLOOKUP($BJ$5,Ledger!C11:K11,4,0),"-") -> - | BF11: =IFERROR(VLOOKUP($BJ$5,Ledger!C11:K11,5,0),"-") -> - | BG11: =IFERROR(VLOOKUP($BJ$5,Ledger!C11:K11,6,0),"-") -> - | BH11: =PRODUCT(BF11:BG11) -> 0 | BI11: =IFERROR(VLOOKUP($BJ$5,Ledger!C11:K11,9,0),"-") -> - | BJ11: =IFERROR((BH11-BI11),"-") -> -
A12: =IFERROR(VLOOKUP($H$5,Ledger!C12:K12,2,0),"-") -> - | B12: =IFERROR(VLOOKUP($H$5,Ledger!C12:K12,3,0),"-") -> - | C12: =IFERROR(VLOOKUP($H$5,Ledger!C12:K12,4,0),"-") -> - | D12: =IFERROR(VLOOKUP($H$5,Ledger!C12:K12,5,0),"-") -> - | E12: =IFERROR(VLOOKUP($H$5,Ledger!C12:K12,6,0),"-") -> - | F12: =PRODUCT(D12:E12) -> 0 | G12: =IFERROR(VLOOKUP($H$5,Ledger!C12:K12,9,0),"-") -> - | H12: =IFERROR((F12-G12),"-") -> - | J12: =IFERROR(VLOOKUP($Q$5,Ledger!C12:K12,2,0),"-") -> - | K12: =IFERROR(VLOOKUP($Q$5,Ledger!C12:K12,3,0),"-") -> - | L12: =IFERROR(VLOOKUP($Q$5,Ledger!C12:K12,4,0),"-") -> - | M12: =IFERROR(VLOOKUP($Q$5,Ledger!C12:K12,5,0),"-") -> - | N12: =IFERROR(VLOOKUP($Q$5,Ledger!C12:K12,6,0),"-") -> - | O12: =PRODUCT(M12:N12) -> 0 | P12: =IFERROR(VLOOKUP($Q$5,Ledger!C12:K12,9,0),"-") -> - | Q12: =IFERROR((O12-P12),"-") -> - | S12: =IFERROR(VLOOKUP($Z$5,Ledger!C12:K12,2,0),"-") -> - | T12: =IFERROR(VLOOKUP($Z$5,Ledger!C12:K12,3,0),"-") -> - | U12: =IFERROR(VLOOKUP($Z$5,Ledger!C12:K12,4,0),"-") -> - | V12: =IFERROR(VLOOKUP($Z$5,Ledger!C12:K12,5,0),"-") -> - | W12: =IFERROR(VLOOKUP($Z$5,Ledger!C12:K12,6,0),"-") -> - | X12: =PRODUCT(V12:W12) -> 0 | Y12: =IFERROR(VLOOKUP($Z$5,Ledger!C12:K12,9,0),"-") -> - | Z12: =IFERROR((X12-Y12),"-") -> - | AB12: =IFERROR(VLOOKUP($AI$5,Ledger!C12:K12,2,0),"-") -> - | AC12: =IFERROR(VLOOKUP($AI$5,Ledger!C12:K12,3,0),"-") -> - | AD12: =IFERROR(VLOOKUP($AI$5,Ledger!C12:K12,4,0),"-") -> - | AE12: =IFERROR(VLOOKUP($AI$5,Ledger!C12:K12,5,0),"-") -> - | AF12: =IFERROR(VLOOKUP($AI$5,Ledger!C12:K12,6,0),"-") -> - | AG12: =PRODUCT(AE12:AF12) -> 0 | AH12: =IFERROR(VLOOKUP($AI$5,Ledger!C12:K12,9,0),"-") -> - | AI12: =IFERROR((AG12-AH12),"-") -> - | AK12: =IFERROR(VLOOKUP($AR$5,Ledger!C12:K12,2,0),"-") -> - | AL12: =IFERROR(VLOOKUP($AR$5,Ledger!C12:K12,3,0),"-") -> - | AM12: =IFERROR(VLOOKUP($AR$5,Ledger!C12:K12,4,0),"-") -> - | AN12: =IFERROR(VLOOKUP($AR$5,Ledger!C12:K12,5,0),"-") -> - | AO12: =IFERROR(VLOOKUP($AR$5,Ledger!C12:K12,6,0),"-") -> - | AP12: =PRODUCT(AN12:AO12) -> 0 | AQ12: =IFERROR(VLOOKUP($AR$5,Ledger!C12:K12,9,0),"-") -> - | AR12: =IFERROR((AP12-AQ12),"-") -> - | AT12: =IFERROR(VLOOKUP($BA$5,Ledger!C12:K12,2,0),"-") -> - | AU12: =IFERROR(VLOOKUP($BA$5,Ledger!C12:K12,3,0),"-") -> - | AV12: =IFERROR(VLOOKUP($BA$5,Ledger!C12:K12,4,0),"-") -> - | AW12: =IFERROR(VLOOKUP($BA$5,Ledger!C12:K12,5,0),"-") -> - | AX12: =IFERROR(VLOOKUP($BA$5,Ledger!C12:K12,6,0),"-") -> - | AY12: =PRODUCT(AW12:AX12) -> 0 | AZ12: =IFERROR(VLOOKUP($BA$5,Ledger!C12:K12,9,0),"-") -> - | BA12: =IFERROR((AY12-AZ12),"-") -> - | BC12: =IFERROR(VLOOKUP($BJ$5,Ledger!C12:K12,2,0),"-") -> - | BD12: =IFERROR(VLOOKUP($BJ$5,Ledger!C12:K12,3,0),"-") -> - | BE12: =IFERROR(VLOOKUP($BJ$5,Ledger!C12:K12,4,0),"-") -> - | BF12: =IFERROR(VLOOKUP($BJ$5,Ledger!C12:K12,5,0),"-") -> - | BG12: =IFERROR(VLOOKUP($BJ$5,Ledger!C12:K12,6,0),"-") -> - | BH12: =PRODUCT(BF12:BG12) -> 0 | BI12: =IFERROR(VLOOKUP($BJ$5,Ledger!C12:K12,9,0),"-") -> - | BJ12: =IFERROR((BH12-BI12),"-") -> -
A13: =IFERROR(VLOOKUP($H$5,Ledger!C13:K13,2,0),"-") -> - | B13: =IFERROR(VLOOKUP($H$5,Ledger!C13:K13,3,0),"-") -> - | C13: =IFERROR(VLOOKUP($H$5,Ledger!C13:K13,4,0),"-") -> - | D13: =IFERROR(VLOOKUP($H$5,Ledger!C13:K13,5,0),"-") -> - | E13: =IFERROR(VLOOKUP($H$5,Ledger!C13:K13,6,0),"-") -> - | F13: =PRODUCT(D13:E13) -> 0 | G13: =IFERROR(VLOOKUP($H$5,Ledger!C13:K13,9,0),"-") -> - | H13: =IFERROR((F13-G13),"-") -> - | J13: =IFERROR(VLOOKUP($Q$5,Ledger!C13:K13,2,0),"-") -> - | K13: =IFERROR(VLOOKUP($Q$5,Ledger!C13:K13,3,0),"-") -> - | L13: =IFERROR(VLOOKUP($Q$5,Ledger!C13:K13,4,0),"-") -> - | M13: =IFERROR(VLOOKUP($Q$5,Ledger!C13:K13,5,0),"-") -> - | N13: =IFERROR(VLOOKUP($Q$5,Ledger!C13:K13,6,0),"-") -> - | O13: =PRODUCT(M13:N13) -> 0 | P13: =IFERROR(VLOOKUP($Q$5,Ledger!C13:K13,9,0),"-") -> - | Q13: =IFERROR((O13-P13),"-") -> - | S13: =IFERROR(VLOOKUP($Z$5,Ledger!C13:K13,2,0),"-") -> - | T13: =IFERROR(VLOOKUP($Z$5,Ledger!C13:K13,3,0),"-") -> - | U13: =IFERROR(VLOOKUP($Z$5,Ledger!C13:K13,4,0),"-") -> - | V13: =IFERROR(VLOOKUP($Z$5,Ledger!C13:K13,5,0),"-") -> - | W13: =IFERROR(VLOOKUP($Z$5,Ledger!C13:K13,6,0),"-") -> - | X13: =PRODUCT(V13:W13) -> 0 | Y13: =IFERROR(VLOOKUP($Z$5,Ledger!C13:K13,9,0),"-") -> - | Z13: =IFERROR((X13-Y13),"-") -> - | AB13: =IFERROR(VLOOKUP($AI$5,Ledger!C13:K13,2,0),"-") -> - | AC13: =IFERROR(VLOOKUP($AI$5,Ledger!C13:K13,3,0),"-") -> - | AD13: =IFERROR(VLOOKUP($AI$5,Ledger!C13:K13,4,0),"-") -> - | AE13: =IFERROR(VLOOKUP($AI$5,Ledger!C13:K13,5,0),"-") -> - | AF13: =IFERROR(VLOOKUP($AI$5,Ledger!C13:K13,6,0),"-") -> - | AG13: =PRODUCT(AE13:AF13) -> 0 | AH13: =IFERROR(VLOOKUP($AI$5,Ledger!C13:K13,9,0),"-") -> - | AI13: =IFERROR((AG13-AH13),"-") -> - | AK13: =IFERROR(VLOOKUP($AR$5,Ledger!C13:K13,2,0),"-") -> - | AL13: =IFERROR(VLOOKUP($AR$5,Ledger!C13:K13,3,0),"-") -> - | AM13: =IFERROR(VLOOKUP($AR$5,Ledger!C13:K13,4,0),"-") -> - | AN13: =IFERROR(VLOOKUP($AR$5,Ledger!C13:K13,5,0),"-") -> - | AO13: =IFERROR(VLOOKUP($AR$5,Ledger!C13:K13,6,0),"-") -> - | AP13: =PRODUCT(AN13:AO13) -> 0 | AQ13: =IFERROR(VLOOKUP($AR$5,Ledger!C13:K13,9,0),"-") -> - | AR13: =IFERROR((AP13-AQ13),"-") -> - | AT13: =IFERROR(VLOOKUP($BA$5,Ledger!C13:K13,2,0),"-") -> - | AU13: =IFERROR(VLOOKUP($BA$5,Ledger!C13:K13,3,0),"-") -> - | AV13: =IFERROR(VLOOKUP($BA$5,Ledger!C13:K13,4,0),"-") -> - | AW13: =IFERROR(VLOOKUP($BA$5,Ledger!C13:K13,5,0),"-") -> - | AX13: =IFERROR(VLOOKUP($BA$5,Ledger!C13:K13,6,0),"-") -> - | AY13: =PRODUCT(AW13:AX13) -> 0 | AZ13: =IFERROR(VLOOKUP($BA$5,Ledger!C13:K13,9,0),"-") -> - | BA13: =IFERROR((AY13-AZ13),"-") -> - | BC13: =IFERROR(VLOOKUP($BJ$5,Ledger!C13:K13,2,0),"-") -> - | BD13: =IFERROR(VLOOKUP($BJ$5,Ledger!C13:K13,3,0),"-") -> - | BE13: =IFERROR(VLOOKUP($BJ$5,Ledger!C13:K13,4,0),"-") -> - | BF13: =IFERROR(VLOOKUP($BJ$5,Ledger!C13:K13,5,0),"-") -> - | BG13: =IFERROR(VLOOKUP($BJ$5,Ledger!C13:K13,6,0),"-") -> - | BH13: =PRODUCT(BF13:BG13) -> 0 | BI13: =IFERROR(VLOOKUP($BJ$5,Ledger!C13:K13,9,0),"-") -> - | BJ13: =IFERROR((BH13-BI13),"-") -> -
A14: =IFERROR(VLOOKUP($H$5,Ledger!C14:K14,2,0),"-") -> - | B14: =IFERROR(VLOOKUP($H$5,Ledger!C14:K14,3,0),"-") -> - | C14: =IFERROR(VLOOKUP($H$5,Ledger!C14:K14,4,0),"-") -> - | D14: =IFERROR(VLOOKUP($H$5,Ledger!C14:K14,5,0),"-") -> - | E14: =IFERROR(VLOOKUP($H$5,Ledger!C14:K14,6,0),"-") -> - | F14: =PRODUCT(D14:E14) -> 0 | G14: =IFERROR(VLOOKUP($H$5,Ledger!C14:K14,9,0),"-") -> - | H14: =IFERROR((F14-G14),"-") -> - | J14: =IFERROR(VLOOKUP($Q$5,Ledger!C14:K14,2,0),"-") -> - | K14: =IFERROR(VLOOKUP($Q$5,Ledger!C14:K14,3,0),"-") -> - | L14: =IFERROR(VLOOKUP($Q$5,Ledger!C14:K14,4,0),"-") -> - | M14: =IFERROR(VLOOKUP($Q$5,Ledger!C14:K14,5,0),"-") -> - | N14: =IFERROR(VLOOKUP($Q$5,Ledger!C14:K14,6,0),"-") -> - | O14: =PRODUCT(M14:N14) -> 0 | P14: =IFERROR(VLOOKUP($Q$5,Ledger!C14:K14,9,0),"-") -> - | Q14: =IFERROR((O14-P14),"-") -> - | S14: =IFERROR(VLOOKUP($Z$5,Ledger!C14:K14,2,0),"-") -> - | T14: =IFERROR(VLOOKUP($Z$5,Ledger!C14:K14,3,0),"-") -> - | U14: =IFERROR(VLOOKUP($Z$5,Ledger!C14:K14,4,0),"-") -> - | V14: =IFERROR(VLOOKUP($Z$5,Ledger!C14:K14,5,0),"-") -> - | W14: =IFERROR(VLOOKUP($Z$5,Ledger!C14:K14,6,0),"-") -> - | X14: =PRODUCT(V14:W14) -> 0 | Y14: =IFERROR(VLOOKUP($Z$5,Ledger!C14:K14,9,0),"-") -> - | Z14: =IFERROR((X14-Y14),"-") -> - | AB14: =IFERROR(VLOOKUP($AI$5,Ledger!C14:K14,2,0),"-") -> - | AC14: =IFERROR(VLOOKUP($AI$5,Ledger!C14:K14,3,0),"-") -> - | AD14: =IFERROR(VLOOKUP($AI$5,Ledger!C14:K14,4,0),"-") -> - | AE14: =IFERROR(VLOOKUP($AI$5,Ledger!C14:K14,5,0),"-") -> - | AF14: =IFERROR(VLOOKUP($AI$5,Ledger!C14:K14,6,0),"-") -> - | AG14: =PRODUCT(AE14:AF14) -> 0 | AH14: =IFERROR(VLOOKUP($AI$5,Ledger!C14:K14,9,0),"-") -> - | AI14: =IFERROR((AG14-AH14),"-") -> - | AK14: =IFERROR(VLOOKUP($AR$5,Ledger!C14:K14,2,0),"-") -> - | AL14: =IFERROR(VLOOKUP($AR$5,Ledger!C14:K14,3,0),"-") -> - | AM14: =IFERROR(VLOOKUP($AR$5,Ledger!C14:K14,4,0),"-") -> - | AN14: =IFERROR(VLOOKUP($AR$5,Ledger!C14:K14,5,0),"-") -> - | AO14: =IFERROR(VLOOKUP($AR$5,Ledger!C14:K14,6,0),"-") -> - | AP14: =PRODUCT(AN14:AO14) -> 0 | AQ14: =IFERROR(VLOOKUP($AR$5,Ledger!C14:K14,9,0),"-") -> - | AR14: =IFERROR((AP14-AQ14),"-") -> - | AT14: =IFERROR(VLOOKUP($BA$5,Ledger!C14:K14,2,0),"-") -> - | AU14: =IFERROR(VLOOKUP($BA$5,Ledger!C14:K14,3,0),"-") -> - | AV14: =IFERROR(VLOOKUP($BA$5,Ledger!C14:K14,4,0),"-") -> - | AW14: =IFERROR(VLOOKUP($BA$5,Ledger!C14:K14,5,0),"-") -> - | AX14: =IFERROR(VLOOKUP($BA$5,Ledger!C14:K14,6,0),"-") -> - | AY14: =PRODUCT(AW14:AX14) -> 0 | AZ14: =IFERROR(VLOOKUP($BA$5,Ledger!C14:K14,9,0),"-") -> - | BA14: =IFERROR((AY14-AZ14),"-") -> - | BC14: =IFERROR(VLOOKUP($BJ$5,Ledger!C14:K14,2,0),"-") -> - | BD14: =IFERROR(VLOOKUP($BJ$5,Ledger!C14:K14,3,0),"-") -> - | BE14: =IFERROR(VLOOKUP($BJ$5,Ledger!C14:K14,4,0),"-") -> - | BF14: =IFERROR(VLOOKUP($BJ$5,Ledger!C14:K14,5,0),"-") -> - | BG14: =IFERROR(VLOOKUP($BJ$5,Ledger!C14:K14,6,0),"-") -> - | BH14: =PRODUCT(BF14:BG14) -> 0 | BI14: =IFERROR(VLOOKUP($BJ$5,Ledger!C14:K14,9,0),"-") -> - | BJ14: =IFERROR((BH14-BI14),"-") -> -
A15: =IFERROR(VLOOKUP($H$5,Ledger!C15:K15,2,0),"-") -> - | B15: =IFERROR(VLOOKUP($H$5,Ledger!C15:K15,3,0),"-") -> - | C15: =IFERROR(VLOOKUP($H$5,Ledger!C15:K15,4,0),"-") -> - | D15: =IFERROR(VLOOKUP($H$5,Ledger!C15:K15,5,0),"-") -> - | E15: =IFERROR(VLOOKUP($H$5,Ledger!C15:K15,6,0),"-") -> - | F15: =PRODUCT(D15:E15) -> 0 | G15: =IFERROR(VLOOKUP($H$5,Ledger!C15:K15,9,0),"-") -> - | H15: =IFERROR((F15-G15),"-") -> - | J15: =IFERROR(VLOOKUP($Q$5,Ledger!C15:K15,2,0),"-") -> - | K15: =IFERROR(VLOOKUP($Q$5,Ledger!C15:K15,3,0),"-") -> - | L15: =IFERROR(VLOOKUP($Q$5,Ledger!C15:K15,4,0),"-") -> - | M15: =IFERROR(VLOOKUP($Q$5,Ledger!C15:K15,5,0),"-") -> - | N15: =IFERROR(VLOOKUP($Q$5,Ledger!C15:K15,6,0),"-") -> - | O15: =PRODUCT(M15:N15) -> 0 | P15: =IFERROR(VLOOKUP($Q$5,Ledger!C15:K15,9,0),"-") -> - | Q15: =IFERROR((O15-P15),"-") -> - | S15: =IFERROR(VLOOKUP($Z$5,Ledger!C15:K15,2,0),"-") -> - | T15: =IFERROR(VLOOKUP($Z$5,Ledger!C15:K15,3,0),"-") -> - | U15: =IFERROR(VLOOKUP($Z$5,Ledger!C15:K15,4,0),"-") -> - | V15: =IFERROR(VLOOKUP($Z$5,Ledger!C15:K15,5,0),"-") -> - | W15: =IFERROR(VLOOKUP($Z$5,Ledger!C15:K15,6,0),"-") -> - | X15: =PRODUCT(V15:W15) -> 0 | Y15: =IFERROR(VLOOKUP($Z$5,Ledger!C15:K15,9,0),"-") -> - | Z15: =IFERROR((X15-Y15),"-") -> - | AB15: =IFERROR(VLOOKUP($AI$5,Ledger!C15:K15,2,0),"-") -> - | AC15: =IFERROR(VLOOKUP($AI$5,Ledger!C15:K15,3,0),"-") -> - | AD15: =IFERROR(VLOOKUP($AI$5,Ledger!C15:K15,4,0),"-") -> - | AE15: =IFERROR(VLOOKUP($AI$5,Ledger!C15:K15,5,0),"-") -> - | AF15: =IFERROR(VLOOKUP($AI$5,Ledger!C15:K15,6,0),"-") -> - | AG15: =PRODUCT(AE15:AF15) -> 0 | AH15: =IFERROR(VLOOKUP($AI$5,Ledger!C15:K15,9,0),"-") -> - | AI15: =IFERROR((AG15-AH15),"-") -> - | AK15: =IFERROR(VLOOKUP($AR$5,Ledger!C15:K15,2,0),"-") -> - | AL15: =IFERROR(VLOOKUP($AR$5,Ledger!C15:K15,3,0),"-") -> - | AM15: =IFERROR(VLOOKUP($AR$5,Ledger!C15:K15,4,0),"-") -> - | AN15: =IFERROR(VLOOKUP($AR$5,Ledger!C15:K15,5,0),"-") -> - | AO15: =IFERROR(VLOOKUP($AR$5,Ledger!C15:K15,6,0),"-") -> - | AP15: =PRODUCT(AN15:AO15) -> 0 | AQ15: =IFERROR(VLOOKUP($AR$5,Ledger!C15:K15,9,0),"-") -> - | AR15: =IFERROR((AP15-AQ15),"-") -> - | AT15: =IFERROR(VLOOKUP($BA$5,Ledger!C15:K15,2,0),"-") -> - | AU15: =IFERROR(VLOOKUP($BA$5,Ledger!C15:K15,3,0),"-") -> - | AV15: =IFERROR(VLOOKUP($BA$5,Ledger!C15:K15,4,0),"-") -> - | AW15: =IFERROR(VLOOKUP($BA$5,Ledger!C15:K15,5,0),"-") -> - | AX15: =IFERROR(VLOOKUP($BA$5,Ledger!C15:K15,6,0),"-") -> - | AY15: =PRODUCT(AW15:AX15) -> 0 | AZ15: =IFERROR(VLOOKUP($BA$5,Ledger!C15:K15,9,0),"-") -> - | BA15: =IFERROR((AY15-AZ15),"-") -> - | BC15: =IFERROR(VLOOKUP($BJ$5,Ledger!C15:K15,2,0),"-") -> - | BD15: =IFERROR(VLOOKUP($BJ$5,Ledger!C15:K15,3,0),"-") -> - | BE15: =IFERROR(VLOOKUP($BJ$5,Ledger!C15:K15,4,0),"-") -> - | BF15: =IFERROR(VLOOKUP($BJ$5,Ledger!C15:K15,5,0),"-") -> - | BG15: =IFERROR(VLOOKUP($BJ$5,Ledger!C15:K15,6,0),"-") -> - | BH15: =PRODUCT(BF15:BG15) -> 0 | BI15: =IFERROR(VLOOKUP($BJ$5,Ledger!C15:K15,9,0),"-") -> - | BJ15: =IFERROR((BH15-BI15),"-") -> -
A16: =IFERROR(VLOOKUP($H$5,Ledger!C16:K16,2,0),"-") -> - | B16: =IFERROR(VLOOKUP($H$5,Ledger!C16:K16,3,0),"-") -> - | C16: =IFERROR(VLOOKUP($H$5,Ledger!C16:K16,4,0),"-") -> - | D16: =IFERROR(VLOOKUP($H$5,Ledger!C16:K16,5,0),"-") -> - | E16: =IFERROR(VLOOKUP($H$5,Ledger!C16:K16,6,0),"-") -> - | F16: =PRODUCT(D16:E16) -> 0 | G16: =IFERROR(VLOOKUP($H$5,Ledger!C16:K16,9,0),"-") -> - | H16: =IFERROR((F16-G16),"-") -> - | J16: =IFERROR(VLOOKUP($Q$5,Ledger!C16:K16,2,0),"-") -> - | K16: =IFERROR(VLOOKUP($Q$5,Ledger!C16:K16,3,0),"-") -> - | L16: =IFERROR(VLOOKUP($Q$5,Ledger!C16:K16,4,0),"-") -> - | M16: =IFERROR(VLOOKUP($Q$5,Ledger!C16:K16,5,0),"-") -> - | N16: =IFERROR(VLOOKUP($Q$5,Ledger!C16:K16,6,0),"-") -> - | O16: =PRODUCT(M16:N16) -> 0 | P16: =IFERROR(VLOOKUP($Q$5,Ledger!C16:K16,9,0),"-") -> - | Q16: =IFERROR((O16-P16),"-") -> - | S16: =IFERROR(VLOOKUP($Z$5,Ledger!C16:K16,2,0),"-") -> - | T16: =IFERROR(VLOOKUP($Z$5,Ledger!C16:K16,3,0),"-") -> - | U16: =IFERROR(VLOOKUP($Z$5,Ledger!C16:K16,4,0),"-") -> - | V16: =IFERROR(VLOOKUP($Z$5,Ledger!C16:K16,5,0),"-") -> - | W16: =IFERROR(VLOOKUP($Z$5,Ledger!C16:K16,6,0),"-") -> - | X16: =PRODUCT(V16:W16) -> 0 | Y16: =IFERROR(VLOOKUP($Z$5,Ledger!C16:K16,9,0),"-") -> - | Z16: =IFERROR((X16-Y16),"-") -> - | AB16: =IFERROR(VLOOKUP($AI$5,Ledger!C16:K16,2,0),"-") -> - | AC16: =IFERROR(VLOOKUP($AI$5,Ledger!C16:K16,3,0),"-") -> - | AD16: =IFERROR(VLOOKUP($AI$5,Ledger!C16:K16,4,0),"-") -> - | AE16: =IFERROR(VLOOKUP($AI$5,Ledger!C16:K16,5,0),"-") -> - | AF16: =IFERROR(VLOOKUP($AI$5,Ledger!C16:K16,6,0),"-") -> - | AG16: =PRODUCT(AE16:AF16) -> 0 | AH16: =IFERROR(VLOOKUP($AI$5,Ledger!C16:K16,9,0),"-") -> - | AI16: =IFERROR((AG16-AH16),"-") -> - | AK16: =IFERROR(VLOOKUP($AR$5,Ledger!C16:K16,2,0),"-") -> - | AL16: =IFERROR(VLOOKUP($AR$5,Ledger!C16:K16,3,0),"-") -> - | AM16: =IFERROR(VLOOKUP($AR$5,Ledger!C16:K16,4,0),"-") -> - | AN16: =IFERROR(VLOOKUP($AR$5,Ledger!C16:K16,5,0),"-") -> - | AO16: =IFERROR(VLOOKUP($AR$5,Ledger!C16:K16,6,0),"-") -> - | AP16: =PRODUCT(AN16:AO16) -> 0 | AQ16: =IFERROR(VLOOKUP($AR$5,Ledger!C16:K16,9,0),"-") -> - | AR16: =IFERROR((AP16-AQ16),"-") -> - | AT16: =IFERROR(VLOOKUP($BA$5,Ledger!C16:K16,2,0),"-") -> - | AU16: =IFERROR(VLOOKUP($BA$5,Ledger!C16:K16,3,0),"-") -> - | AV16: =IFERROR(VLOOKUP($BA$5,Ledger!C16:K16,4,0),"-") -> - | AW16: =IFERROR(VLOOKUP($BA$5,Ledger!C16:K16,5,0),"-") -> - | AX16: =IFERROR(VLOOKUP($BA$5,Ledger!C16:K16,6,0),"-") -> - | AY16: =PRODUCT(AW16:AX16) -> 0 | AZ16: =IFERROR(VLOOKUP($BA$5,Ledger!C16:K16,9,0),"-") -> - | BA16: =IFERROR((AY16-AZ16),"-") -> - | BC16: =IFERROR(VLOOKUP($BJ$5,Ledger!C16:K16,2,0),"-") -> - | BD16: =IFERROR(VLOOKUP($BJ$5,Ledger!C16:K16,3,0),"-") -> - | BE16: =IFERROR(VLOOKUP($BJ$5,Ledger!C16:K16,4,0),"-") -> - | BF16: =IFERROR(VLOOKUP($BJ$5,Ledger!C16:K16,5,0),"-") -> - | BG16: =IFERROR(VLOOKUP($BJ$5,Ledger!C16:K16,6,0),"-") -> - | BH16: =PRODUCT(BF16:BG16) -> 0 | BI16: =IFERROR(VLOOKUP($BJ$5,Ledger!C16:K16,9,0),"-") -> - | BJ16: =IFERROR((BH16-BI16),"-") -> -
A17: =IFERROR(VLOOKUP($H$5,Ledger!C17:K17,2,0),"-") -> - | B17: =IFERROR(VLOOKUP($H$5,Ledger!C17:K17,3,0),"-") -> - | C17: =IFERROR(VLOOKUP($H$5,Ledger!C17:K17,4,0),"-") -> - | D17: =IFERROR(VLOOKUP($H$5,Ledger!C17:K17,5,0),"-") -> - | E17: =IFERROR(VLOOKUP($H$5,Ledger!C17:K17,6,0),"-") -> - | F17: =PRODUCT(D17:E17) -> 0 | G17: =IFERROR(VLOOKUP($H$5,Ledger!C17:K17,9,0),"-") -> - | H17: =IFERROR((F17-G17),"-") -> - | J17: =IFERROR(VLOOKUP($Q$5,Ledger!C17:K17,2,0),"-") -> - | K17: =IFERROR(VLOOKUP($Q$5,Ledger!C17:K17,3,0),"-") -> - | L17: =IFERROR(VLOOKUP($Q$5,Ledger!C17:K17,4,0),"-") -> - | M17: =IFERROR(VLOOKUP($Q$5,Ledger!C17:K17,5,0),"-") -> - | N17: =IFERROR(VLOOKUP($Q$5,Ledger!C17:K17,6,0),"-") -> - | O17: =PRODUCT(M17:N17) -> 0 | P17: =IFERROR(VLOOKUP($Q$5,Ledger!C17:K17,9,0),"-") -> - | Q17: =IFERROR((O17-P17),"-") -> - | S17: =IFERROR(VLOOKUP($Z$5,Ledger!C17:K17,2,0),"-") -> - | T17: =IFERROR(VLOOKUP($Z$5,Ledger!C17:K17,3,0),"-") -> - | U17: =IFERROR(VLOOKUP($Z$5,Ledger!C17:K17,4,0),"-") -> - | V17: =IFERROR(VLOOKUP($Z$5,Ledger!C17:K17,5,0),"-") -> - | W17: =IFERROR(VLOOKUP($Z$5,Ledger!C17:K17,6,0),"-") -> - | X17: =PRODUCT(V17:W17) -> 0 | Y17: =IFERROR(VLOOKUP($Z$5,Ledger!C17:K17,9,0),"-") -> - | Z17: =IFERROR((X17-Y17),"-") -> - | AB17: =IFERROR(VLOOKUP($AI$5,Ledger!C17:K17,2,0),"-") -> - | AC17: =IFERROR(VLOOKUP($AI$5,Ledger!C17:K17,3,0),"-") -> - | AD17: =IFERROR(VLOOKUP($AI$5,Ledger!C17:K17,4,0),"-") -> - | AE17: =IFERROR(VLOOKUP($AI$5,Ledger!C17:K17,5,0),"-") -> - | AF17: =IFERROR(VLOOKUP($AI$5,Ledger!C17:K17,6,0),"-") -> - | AG17: =PRODUCT(AE17:AF17) -> 0 | AH17: =IFERROR(VLOOKUP($AI$5,Ledger!C17:K17,9,0),"-") -> - | AI17: =IFERROR((AG17-AH17),"-") -> - | AK17: =IFERROR(VLOOKUP($AR$5,Ledger!C17:K17,2,0),"-") -> - | AL17: =IFERROR(VLOOKUP($AR$5,Ledger!C17:K17,3,0),"-") -> - | AM17: =IFERROR(VLOOKUP($AR$5,Ledger!C17:K17,4,0),"-") -> - | AN17: =IFERROR(VLOOKUP($AR$5,Ledger!C17:K17,5,0),"-") -> - | AO17: =IFERROR(VLOOKUP($AR$5,Ledger!C17:K17,6,0),"-") -> - | AP17: =PRODUCT(AN17:AO17) -> 0 | AQ17: =IFERROR(VLOOKUP($AR$5,Ledger!C17:K17,9,0),"-") -> - | AR17: =IFERROR((AP17-AQ17),"-") -> - | AT17: =IFERROR(VLOOKUP($BA$5,Ledger!C17:K17,2,0),"-") -> - | AU17: =IFERROR(VLOOKUP($BA$5,Ledger!C17:K17,3,0),"-") -> - | AV17: =IFERROR(VLOOKUP($BA$5,Ledger!C17:K17,4,0),"-") -> - | AW17: =IFERROR(VLOOKUP($BA$5,Ledger!C17:K17,5,0),"-") -> - | AX17: =IFERROR(VLOOKUP($BA$5,Ledger!C17:K17,6,0),"-") -> - | AY17: =PRODUCT(AW17:AX17) -> 0 | AZ17: =IFERROR(VLOOKUP($BA$5,Ledger!C17:K17,9,0),"-") -> - | BA17: =IFERROR((AY17-AZ17),"-") -> - | BC17: =IFERROR(VLOOKUP($BJ$5,Ledger!C17:K17,2,0),"-") -> - | BD17: =IFERROR(VLOOKUP($BJ$5,Ledger!C17:K17,3,0),"-") -> - | BE17: =IFERROR(VLOOKUP($BJ$5,Ledger!C17:K17,4,0),"-") -> - | BF17: =IFERROR(VLOOKUP($BJ$5,Ledger!C17:K17,5,0),"-") -> - | BG17: =IFERROR(VLOOKUP($BJ$5,Ledger!C17:K17,6,0),"-") -> - | BH17: =PRODUCT(BF17:BG17) -> 0 | BI17: =IFERROR(VLOOKUP($BJ$5,Ledger!C17:K17,9,0),"-") -> - | BJ17: =IFERROR((BH17-BI17),"-") -> -
A18: =IFERROR(VLOOKUP($H$5,Ledger!C18:K18,2,0),"-") -> - | B18: =IFERROR(VLOOKUP($H$5,Ledger!C18:K18,3,0),"-") -> - | C18: =IFERROR(VLOOKUP($H$5,Ledger!C18:K18,4,0),"-") -> - | D18: =IFERROR(VLOOKUP($H$5,Ledger!C18:K18,5,0),"-") -> - | E18: =IFERROR(VLOOKUP($H$5,Ledger!C18:K18,6,0),"-") -> - | F18: =PRODUCT(D18:E18) -> 0 | G18: =IFERROR(VLOOKUP($H$5,Ledger!C18:K18,9,0),"-") -> - | H18: =IFERROR((F18-G18),"-") -> - | J18: =IFERROR(VLOOKUP($Q$5,Ledger!C18:K18,2,0),"-") -> - | K18: =IFERROR(VLOOKUP($Q$5,Ledger!C18:K18,3,0),"-") -> - | L18: =IFERROR(VLOOKUP($Q$5,Ledger!C18:K18,4,0),"-") -> - | M18: =IFERROR(VLOOKUP($Q$5,Ledger!C18:K18,5,0),"-") -> - | N18: =IFERROR(VLOOKUP($Q$5,Ledger!C18:K18,6,0),"-") -> - | O18: =PRODUCT(M18:N18) -> 0 | P18: =IFERROR(VLOOKUP($Q$5,Ledger!C18:K18,9,0),"-") -> - | Q18: =IFERROR((O18-P18),"-") -> - | S18: =IFERROR(VLOOKUP($Z$5,Ledger!C18:K18,2,0),"-") -> - | T18: =IFERROR(VLOOKUP($Z$5,Ledger!C18:K18,3,0),"-") -> - | U18: =IFERROR(VLOOKUP($Z$5,Ledger!C18:K18,4,0),"-") -> - | V18: =IFERROR(VLOOKUP($Z$5,Ledger!C18:K18,5,0),"-") -> - | W18: =IFERROR(VLOOKUP($Z$5,Ledger!C18:K18,6,0),"-") -> - | X18: =PRODUCT(V18:W18) -> 0 | Y18: =IFERROR(VLOOKUP($Z$5,Ledger!C18:K18,9,0),"-") -> - | Z18: =IFERROR((X18-Y18),"-") -> - | AB18: =IFERROR(VLOOKUP($AI$5,Ledger!C18:K18,2,0),"-") -> - | AC18: =IFERROR(VLOOKUP($AI$5,Ledger!C18:K18,3,0),"-") -> - | AD18: =IFERROR(VLOOKUP($AI$5,Ledger!C18:K18,4,0),"-") -> - | AE18: =IFERROR(VLOOKUP($AI$5,Ledger!C18:K18,5,0),"-") -> - | AF18: =IFERROR(VLOOKUP($AI$5,Ledger!C18:K18,6,0),"-") -> - | AG18: =PRODUCT(AE18:AF18) -> 0 | AH18: =IFERROR(VLOOKUP($AI$5,Ledger!C18:K18,9,0),"-") -> - | AI18: =IFERROR((AG18-AH18),"-") -> - | AK18: =IFERROR(VLOOKUP($AR$5,Ledger!C18:K18,2,0),"-") -> - | AL18: =IFERROR(VLOOKUP($AR$5,Ledger!C18:K18,3,0),"-") -> - | AM18: =IFERROR(VLOOKUP($AR$5,Ledger!C18:K18,4,0),"-") -> - | AN18: =IFERROR(VLOOKUP($AR$5,Ledger!C18:K18,5,0),"-") -> - | AO18: =IFERROR(VLOOKUP($AR$5,Ledger!C18:K18,6,0),"-") -> - | AP18: =PRODUCT(AN18:AO18) -> 0 | AQ18: =IFERROR(VLOOKUP($AR$5,Ledger!C18:K18,9,0),"-") -> - | AR18: =IFERROR((AP18-AQ18),"-") -> - | AT18: =IFERROR(VLOOKUP($BA$5,Ledger!C18:K18,2,0),"-") -> - | AU18: =IFERROR(VLOOKUP($BA$5,Ledger!C18:K18,3,0),"-") -> - | AV18: =IFERROR(VLOOKUP($BA$5,Ledger!C18:K18,4,0),"-") -> - | AW18: =IFERROR(VLOOKUP($BA$5,Ledger!C18:K18,5,0),"-") -> - | AX18: =IFERROR(VLOOKUP($BA$5,Ledger!C18:K18,6,0),"-") -> - | AY18: =PRODUCT(AW18:AX18) -> 0 | AZ18: =IFERROR(VLOOKUP($BA$5,Ledger!C18:K18,9,0),"-") -> - | BA18: =IFERROR((AY18-AZ18),"-") -> - | BC18: =IFERROR(VLOOKUP($BJ$5,Ledger!C18:K18,2,0),"-") -> - | BD18: =IFERROR(VLOOKUP($BJ$5,Ledger!C18:K18,3,0),"-") -> - | BE18: =IFERROR(VLOOKUP($BJ$5,Ledger!C18:K18,4,0),"-") -> - | BF18: =IFERROR(VLOOKUP($BJ$5,Ledger!C18:K18,5,0),"-") -> - | BG18: =IFERROR(VLOOKUP($BJ$5,Ledger!C18:K18,6,0),"-") -> - | BH18: =PRODUCT(BF18:BG18) -> 0 | BI18: =IFERROR(VLOOKUP($BJ$5,Ledger!C18:K18,9,0),"-") -> - | BJ18: =IFERROR((BH18-BI18),"-") -> -
... A549: =IFERROR(VLOOKUP($H$5,Ledger!C549:K549,2,0),"-") -> - | B549: =IFERROR(VLOOKUP($H$5,Ledger!C549:K549,3,0),"-") -> - | C549: =IFERROR(VLOOKUP($H$5,Ledger!C549:K549,4,0),"-") -> - | D549: =IFERROR(VLOOKUP($H$5,Ledger!C549:K549,5,0),"-") -> - | E549: =IFERROR(VLOOKUP($H$5,Ledger!C549:K549,6,0),"-") -> - | F549: =PRODUCT(D549:E549) -> 0 | G549: =IFERROR(VLOOKUP($H$5,Ledger!C549:K549,9,0),"-") -> - | H549: =IFERROR((F549-G549),"-") -> - | J549: =IFERROR(VLOOKUP($Q$5,Ledger!C549:K549,2,0),"-") -> - | K549: =IFERROR(VLOOKUP($Q$5,Ledger!C549:K549,3,0),"-") -> - | L549: =IFERROR(VLOOKUP($Q$5,Ledger!C549:K549,4,0),"-") -> - | M549: =IFERROR(VLOOKUP($Q$5,Ledger!C549:K549,5,0),"-") -> - | N549: =IFERROR(VLOOKUP($Q$5,Ledger!C549:K549,6,0),"-") -> - | O549: =PRODUCT(M549:N549) -> 0 | P549: =IFERROR(VLOOKUP($Q$5,Ledger!C549:K549,9,0),"-") -> - | Q549: =IFERROR((O549-P549),"-") -> - | S549: =IFERROR(VLOOKUP($Z$5,Ledger!C549:K549,2,0),"-") -> - | T549: =IFERROR(VLOOKUP($Z$5,Ledger!C549:K549,3,0),"-") -> - | U549: =IFERROR(VLOOKUP($Z$5,Ledger!C549:K549,4,0),"-") -> - | V549: =IFERROR(VLOOKUP($Z$5,Ledger!C549:K549,5,0),"-") -> - | W549: =IFERROR(VLOOKUP($Z$5,Ledger!C549:K549,6,0),"-") -> - | X549: =PRODUCT(V549:W549) -> 0 | Y549: =IFERROR(VLOOKUP($Z$5,Ledger!C549:K549,9,0),"-") -> - | Z549: =IFERROR((X549-Y549),"-") -> - | AB549: =IFERROR(VLOOKUP($AI$5,Ledger!C549:K549,2,0),"-") -> - | AC549: =IFERROR(VLOOKUP($AI$5,Ledger!C549:K549,3,0),"-") -> - | AD549: =IFERROR(VLOOKUP($AI$5,Ledger!C549:K549,4,0),"-") -> - | AE549: =IFERROR(VLOOKUP($AI$5,Ledger!C549:K549,5,0),"-") -> - | AF549: =IFERROR(VLOOKUP($AI$5,Ledger!C549:K549,6,0),"-") -> - | AG549: =PRODUCT(AE549:AF549) -> 0 | AH549: =IFERROR(VLOOKUP($AI$5,Ledger!C549:K549,9,0),"-") -> - | AI549: =IFERROR((AG549-AH549),"-") -> - | AK549: =IFERROR(VLOOKUP($AR$5,Ledger!C549:K549,2,0),"-") -> - | AL549: =IFERROR(VLOOKUP($AR$5,Ledger!C549:K549,3,0),"-") -> - | AM549: =IFERROR(VLOOKUP($AR$5,Ledger!C549:K549,4,0),"-") -> - | AN549: =IFERROR(VLOOKUP($AR$5,Ledger!C549:K549,5,0),"-") -> - | AO549: =IFERROR(VLOOKUP($AR$5,Ledger!C549:K549,6,0),"-") -> - | AP549: =PRODUCT(AN549:AO549) -> 0 | AQ549: =IFERROR(VLOOKUP($AR$5,Ledger!C549:K549,9,0),"-") -> - | AR549: =IFERROR((AP549-AQ549),"-") -> - | AT549: =IFERROR(VLOOKUP($BA$5,Ledger!C549:K549,2,0),"-") -> - | AU549: =IFERROR(VLOOKUP($BA$5,Ledger!C549:K549,3,0),"-") -> - | AV549: =IFERROR(VLOOKUP($BA$5,Ledger!C549:K549,4,0),"-") -> - | AW549: =IFERROR(VLOOKUP($BA$5,Ledger!C549:K549,5,0),"-") -> - | AX549: =IFERROR(VLOOKUP($BA$5,Ledger!C549:K549,6,0),"-") -> - | AY549: =PRODUCT(AW549:AX549) -> 0 | AZ549: =IFERROR(VLOOKUP($BA$5,Ledger!C549:K549,9,0),"-") -> - | BA549: =IFERROR((AY549-AZ549),"-") -> - | BC549: =IFERROR(VLOOKUP($BJ$5,Ledger!C549:K549,2,0),"-") -> - | BD549: =IFERROR(VLOOKUP($BJ$5,Ledger!C549:K549,3,0),"-") -> - | BE549: =IFERROR(VLOOKUP($BJ$5,Ledger!C549:K549,4,0),"-") -> - | BF549: =IFERROR(VLOOKUP($BJ$5,Ledger!C549:K549,5,0),"-") -> - | BG549: =IFERROR(VLOOKUP($BJ$5,Ledger!C549:K549,6,0),"-") -> - | BH549: =PRODUCT(BF549:BG549) -> 0 | BI549: =IFERROR(VLOOKUP($BJ$5,Ledger!C549:K549,9,0),"-") -> - | BJ549: =IFERROR((BH549-BI549),"-") -> -

Sheet Ledger
A1: MEEZAN PROTEIN Pvt. Ltd. | J1: TOTAL INCOME | K1: TOTAL EXPENCES | L1: General Ledger
J2: =SUM(J7:J1048576) -> 7360000 | K2: =SUM(K7:K1048576) -> 7178500
J3: THIS ACCOUNT IS CURRENTLY | L3: =IF(SUM(L7:L1048576)>=0,"CASH IN HAND","UNBALANCED") -> CASH IN HAND
J4: RUNNING BALANCE | L4: =SUM(J7:J1048576)-SUM(K7:K1048576) -> 181500
C6: CODE | D6: DATE | E6: DESCRIPTION | F6: UNIT | G6: QTY. | H6: RATE | I6: AMOUNT | J6: INWARD ( + ) | K6: OUTWARD ( - )
B7: 1 | C7: 5003 | D7: 45712 | E7: FEED | F7: KG | G7: 1200 | H7: 500 | I7: =PRODUCT(G7:H7) -> 600000 | K7: 450000
I8: =PRODUCT(G8:H8) -> 0 | L8: =IF(AND(J7="",K7="",J8="",I12=""),"",SUM(J7:J8)-SUM(K7:K8)) -> -450000
B9: 2 | C9: 1002 | D9: 45712 | E9: PAYMENT RECEIVED | I9: =PRODUCT(G9:H9) -> 0 | J9: 500000
I10: =PRODUCT(G10:H10) -> 0 | L10: =IF(AND(J9="",K9="",J10="",K10=""),"",SUM(J9:J10)-SUM(K9:K10)) -> 500000
B11: 3 | C11: 1002 | D11: 45713 | E11: PAYMENT RECEIVED AT HOME | I11: =PRODUCT(G11:H11) -> 0 | J11: 25000
I12: =PRODUCT(G12:H12) -> 0 | L12: =IF(AND(J11="",K11="",J12="",K12=""),"",SUM(J11:J12)-SUM(K11:K12)) -> 25000
B13: 4 | C13: 1001 | D13: 45713 | E13: A | I13: =PRODUCT(G13:H13) -> 0 | J13: 550000
I14: =PRODUCT(G14:H14) -> 0 | L14: =IF(AND(J13="",K13="",J14="",K14=""),"",SUM(J13:J14)-SUM(K13:K14)) -> 550000
B15: 5 | C15: 1001 | D15: 45713 | I15: =PRODUCT(G15:H15) -> 0 | J15: 35000
I16: =PRODUCT(G16:H16) -> 0 | L16: =IF(AND(J15="",K15="",J16="",K16=""),"",SUM(J15:J16)-SUM(K15:K16)) -> 35000
B17: 6 | C17: 2001 | D17: 45713 | E17: CHIKEN SALES | F17: KG | G17: 25000 | H17: 100 | I17: =PRODUCT(G17:H17) -> 2500000 | J17: 2400000
I18: =PRODUCT(G18:H18) -> 0 | L18: =IF(AND(J17="",K17="",J18="",K18=""),"",SUM(J17:J18)-SUM(K17:K18)) -> 2400000
B19: 7 | C19: 3001 | D19: 45714 | E19: SHED RENT | I19: =PRODUCT(G19:H19) -> 0 | K19: 110000
I20: =PRODUCT(G20:H20) -> 0 | L20: =IF(AND(J19="",K19="",J20="",K20=""),"",SUM(J19:J20)-SUM(K19:K20)) -> -110000
B21: 8 | C21: 3002 | D21: 45715 | E21: ELECRICITY BILL | I21: =PRODUCT(G21:H21) -> 0 | K21: 95000
I22: =PRODUCT(G22:H22) -> 0 | L22: =IF(AND(J21="",K21="",J22="",K22=""),"",SUM(J21:J22)-SUM(K21:K22)) -> -95000
B23: 9 | C23: 3002 | D23: 45715 | E23: GAS BILL | I23: =PRODUCT(G23:H23) -> 0 | K23: 48000
I24: =PRODUCT(G24:H24) -> 0 | L24: =IF(AND(J23="",K23="",J24="",K24=""),"",SUM(J23:J24)-SUM(K23:K24)) -> -48000
B25: 10 | C25: 4001 | D25: 45717 | E25: SUPERVISOR SALARY | I25: =PRODUCT(G25:H25) -> 0 | K25: 45000
I26: =PRODUCT(G26:H26) -> 0 | L26: =IF(AND(J25="",K25="",J26="",K26=""),"",SUM(J25:J26)-SUM(K25:K26)) -> -45000
B27: 11 | C27: 4002 | D27: 45716 | E27: HELPER ADVANCE | I27: =PRODUCT(G27:H27) -> 0 | K27: 10000
I28: =PRODUCT(G28:H28) -> 0 | L28: =IF(AND(J27="",K27="",J28="",K28=""),"",SUM(J27:J28)-SUM(K27:K28)) -> -10000
B29: 12 | C29: 4003 | D29: 45717 | E29: SALARY | I29: =PRODUCT(G29:H29) -> 0 | K29: 25000
I30: =PRODUCT(G30:H30) -> 0 | L30: =IF(AND(J29="",K29="",J30="",K30=""),"",SUM(J29:J30)-SUM(K29:K30)) -> -25000
B31: 13 | C31: 4004 | D31: 45717 | E31: SALARY | I31: =PRODUCT(G31:H31) -> 0 | K31: 35000
I32: =PRODUCT(G32:H32) -> 0 | L32: =IF(AND(J31="",K31="",J32="",K32=""),"",SUM(J31:J32)-SUM(K31:K32)) -> -35000
B33: 14 | C33: 4005 | D33: 45717 | E33: SALARY | I33: =PRODUCT(G33:H33) -> 0 | K33: 38000
I34: =PRODUCT(G34:H34) -> 0 | L34: =IF(AND(J33="",K33="",J34="",K34=""),"",SUM(J33:J34)-SUM(K33:K34)) -> -38000
B35: 15 | C35: 4007 | D35: 45717 | E35: SALARY | I35: =PRODUCT(G35:H35) -> 0 | K35: 42000
I36: =PRODUCT(G36:H36) -> 0 | L36: =IF(AND(J35="",K35="",J36="",K36=""),"",SUM(J35:J36)-SUM(K35:K36)) -> -42000
B37: 16 | C37: 4006 | D37: 45717 | E37: SALARY | I37: =PRODUCT(G37:H37) -> 0 | K37: 22000
I38: =PRODUCT(G38:H38) -> 0 | L38: =IF(AND(J37="",K37="",J38="",K38=""),"",SUM(J37:J38)-SUM(K37:K38)) -> -22000
B39: 17 | C39: 2001 | D39: 45717 | E39: KFC | F39: KG | G39: 1000 | H39: 400 | I39: =PRODUCT(G39:H39) -> 400000 | J39: 350000
I40: =PRODUCT(G40:H40) -> 0 | L40: =IF(AND(J39="",K39="",J40="",K40=""),"",SUM(J39:J40)-SUM(K39:K40)) -> 350000
B41: 18 | C41: 5001 | D41: 45717 | E41: LASANI CHICKS | F41: EACH | G41: 50000 | H41: 50 | I41: =PRODUCT(G41:H41) -> 2500000 | K41: 2350000
I42: =PRODUCT(G42:H42) -> 0 | L42: =IF(AND(J41="",K41="",J42="",K42=""),"",SUM(J41:J42)-SUM(K41:K42)) -> -2350000
B43: 19 | C43: 5001 | D43: 45718 | E43: RAFEEQ CHICKS | F43: EACH | G43: 3000 | H43: 48 | I43: =PRODUCT(G43:H43) -> 144000 | K43: 144000
I44: =PRODUCT(G44:H44) -> 0 | L44: =IF(AND(J43="",K43="",J44="",K44=""),"",SUM(J43:J44)-SUM(K43:K44)) -> -144000
B45: 20 | C45: 5002 | D45: 45721 | E45: VET | F45: LTR | G45: 1500 | H45: 1050 | I45: =PRODUCT(G45:H45) -> 1575000 | K45: 1575000
I46: =PRODUCT(G46:H46) -> 0 | L46: =IF(AND(J45="",K45="",J46="",K46=""),"",SUM(J45:J46)-SUM(K45:K46)) -> -1575000
B47: 21 | C47: 5003 | D47: 45720 | E47: FEED ABC | F47: BAG | G47: 500 | H47: 8000 | I47: =PRODUCT(G47:H47) -> 4000000 | K47: 2000000
I48: =PRODUCT(G48:H48) -> 0 | L48: =IF(AND(J47="",K47="",J48="",K48=""),"",SUM(J47:J48)-SUM(K47:K48)) -> -2000000
B49: 22 | C49: 5004 | D49: 45721 | E49: WOOD | F49: KG | G49: 500 | H49: 20 | I49: =PRODUCT(G49:H49) -> 10000 | K49: 8000
I50: =PRODUCT(G50:H50) -> 0 | L50: =IF(AND(J49="",K49="",J50="",K50=""),"",SUM(J49:J50)-SUM(K49:K50)) -> -8000
B51: 23 | C51: 5004 | D51: 45722 | E51: DIESEL | F51: LTR | G51: 500 | H51: 263 | I51: =PRODUCT(G51:H51) -> 131500 | K51: 131500
I52: =PRODUCT(G52:H52) -> 0 | L52: =IF(AND(J51="",K51="",J52="",K52=""),"",SUM(J51:J52)-SUM(K51:K52)) -> -131500
B53: 24 | C53: 5005 | D53: 45722 | E53: HUSK | F53: KG | G53: 5000 | H53: 10 | I53: =PRODUCT(G53:H53) -> 50000 | K53: 50000
I54: =PRODUCT(G54:H54) -> 0 | L54: =IF(AND(J53="",K53="",J54="",K54=""),"",SUM(J53:J54)-SUM(K53:K54)) -> -50000
B55: 25 | C55: 1001 | D55: 45724 | E55: LASANI FEED | I55: =PRODUCT(G55:H55) -> 0 | J55: 1000000
I56: =PRODUCT(G56:H56) -> 0 | L56: =IF(AND(J55="",K55="",J56="",K56=""),"",SUM(J55:J56)-SUM(K55:K56)) -> 1000000
B57: 26 | C57: 1002 | D57: 45725 | E57: CHICKS | I57: =PRODUCT(G57:H57) -> 0 | J57: 2500000
I58: =PRODUCT(G58:H58) -> 0 | L58: =IF(AND(J57="",K57="",J58="",K58=""),"",SUM(J57:J58)-SUM(K57:K58)) -> 2500000
B59: 27 | I59: =PRODUCT(G59:H59) -> 0
I60: =PRODUCT(G60:H60) -> 0 | L60: =IF(AND(J59="",K59="",J60="",K60=""),"",SUM(J59:J60)-SUM(K59:K60))
B61: 28 | I61: =PRODUCT(G61:H61) -> 0
I62: =PRODUCT(G62:H62) -> 0 | L62: =IF(AND(J61="",K61="",J62="",K62=""),"",SUM(J61:J62)-SUM(K61:K62))
B63: 29 | I63: =PRODUCT(G63:H63) -> 0
I64: =PRODUCT(G64:H64) -> 0 | L64: =IF(AND(J63="",K63="",J64="",K64=""),"",SUM(J63:J64)-SUM(K63:K64))
B65: 30 | I65: =PRODUCT(G65:H65) -> 0
I66: =PRODUCT(G66:H66) -> 0 | L66: =IF(AND(J65="",K65="",J66="",K66=""),"",SUM(J65:J66)-SUM(K65:K66))
B67: 31 | I67: =PRODUCT(G67:H67) -> 0
I68: =PRODUCT(G68:H68) -> 0 | L68: =IF(AND(J67="",K67="",J68="",K68=""),"",SUM(J67:J68)-SUM(K67:K68))
B69: 32 | I69: =PRODUCT(G69:H69) -> 0
I70: =PRODUCT(G70:H70) -> 0 | L70: =IF(AND(J69="",K69="",J70="",K70=""),"",SUM(J69:J70)-SUM(K69:K70))
B71: 33 | I71: =PRODUCT(G71:H71) -> 0
I72: =PRODUCT(G72:H72) -> 0 | L72: =IF(AND(J71="",K71="",J72="",K72=""),"",SUM(J71:J72)-SUM(K71:K72))
B73: 34 | I73: =PRODUCT(G73:H73) -> 0
I74: =PRODUCT(G74:H74) -> 0 | L74: =IF(AND(J73="",K73="",J74="",K74=""),"",SUM(J73:J74)-SUM(K73:K74))
B75: 35 | I75: =PRODUCT(G75:H75) -> 0
I76: =PRODUCT(G76:H76) -> 0 | L76: =IF(AND(J75="",K75="",J76="",K76=""),"",SUM(J75:J76)-SUM(K75:K76))
B77: 36 | I77: =PRODUCT(G77:H77) -> 0
I78: =PRODUCT(G78:H78) -> 0 | L78: =IF(AND(J77="",K77="",J78="",K78=""),"",SUM(J77:J78)-SUM(K77:K78))
B79: 37 | I79: =PRODUCT(G79:H79) -> 0
I80: =PRODUCT(G80:H80) -> 0 | L80: =IF(AND(J79="",K79="",J80="",K80=""),"",SUM(J79:J80)-SUM(K79:K80))
B81: 38 | I81: =PRODUCT(G81:H81) -> 0
I82: =PRODUCT(G82:H82) -> 0 | L82: =IF(AND(J81="",K81="",J82="",K82=""),"",SUM(J81:J82)-SUM(K81:K82))
B83: 39 | I83: =PRODUCT(G83:H83) -> 0
I84: =PRODUCT(G84:H84) -> 0 | L84: =IF(AND(J83="",K83="",J84="",K84=""),"",SUM(J83:J84)-SUM(K83:K84))
B85: 40 | I85: =PRODUCT(G85:H85) -> 0
I86: =PRODUCT(G86:H86) -> 0 | L86: =IF(AND(J85="",K86="",J86="",K87=""),"",SUM(J85:J86)-SUM(K86:K87))
B87: 41 | I87: =PRODUCT(G87:H87) -> 0
I88: =PRODUCT(G88:H88) -> 0 | L88: =IF(AND(J87="",K88="",J88="",K89=""),"",SUM(J87:J88)-SUM(K88:K89))
B89: 42 | I89: =PRODUCT(G89:H89) -> 0
I90: =PRODUCT(G90:H90) -> 0 | L90: =IF(AND(J89="",K90="",J90="",K91=""),"",SUM(J89:J90)-SUM(K90:K91))
B91: 43 | I91: =PRODUCT(G91:H91) -> 0
I92: =PRODUCT(G92:H92) -> 0 | L92: =IF(AND(J91="",K92="",J92="",K93=""),"",SUM(J91:J92)-SUM(K92:K93))
B93: 44 | I93: =PRODUCT(G93:H93) -> 0
I94: =PRODUCT(G94:H94) -> 0 | L94: =IF(AND(J93="",K94="",J94="",K95=""),"",SUM(J93:J94)-SUM(K94:K95))
B95: 45 | I95: =PRODUCT(G95:H95) -> 0
I96: =PRODUCT(G96:H96) -> 0 | L96: =IF(AND(J95="",K96="",J96="",K97=""),"",SUM(J95:J96)-SUM(K96:K97))
B97: 46 | I97: =PRODUCT(G97:H97) -> 0
I98: =PRODUCT(G98:H98) -> 0 | L98: =IF(AND(J97="",K98="",J98="",K99=""),"",SUM(J97:J98)-SUM(K98:K99)) | M98: =IF(SUM(J97:K97)=SUM(J98:K98),0,1) -> 0
B99: 47 | I99: =PRODUCT(G99:H99) -> 0
I100: =PRODUCT(G100:H100) -> 0 | L100: =IF(AND(J99="",K100="",J100="",K101=""),"",SUM(J99:J100)-SUM(K100:K101)) | M100: =IF(SUM(J99:K99)=SUM(J100:K100),0,1) -> 0
B101: 48 | I101: =PRODUCT(G101:H101) -> 0
...

Sheet Sheet1
